 Dungeon Crawl Stone Soup version 0.30-a0-777-ga9a30cbeda (webtiles) character file.

Game seed: 3036843161821754251

1189483 scionoferis the Worldbinder (level 27, -4/256 HPs)
             Began as a Demigod Hexslinger on Feb 9, 2023.
             Hit by an iron giant thrown by iron giant (10 damage)
             ... on level 3 of the Iron City of Dis on Feb 14, 2023.
             The game lasted 12:25:03 (158899 turns).

scionoferis the Worldbinder (Demigod Hexslinger)  Turns: 158899, Time: 12:25:04

Health: -4/256     AC: 11    Str: 12 (13) XL:     27
Magic:  23/43      EV: 65    Int: 22      God:
Gold:   3404       SH:  0    Dex: 59 (63) Spells: 9/64 levels left

rFire   . . .      SeeInvis .    a - +9 triple sword (drain)
rCold   + . .      Faith    .    (shield currently unavailable)
rNeg    + + .      Spirit   .    Z - +2 robe of Satisfaction {MP-9 Dex+5}
rPois   +          Reflect  .    x - +0 helmet of Kikubaaqudgha's Pride {Rampage Int+4}
rElec   .          Harm     .    V - +2 cloak {Will+}
rCorr   +          Rampage  +    K - +0 pair of fencer's gloves {Riposte Dex+3}
Will    +++..                    r - +2 pair of boots {Fly}
Stlth   ++++++++++               f - amulet "Coicitut" {RegenMP Regen+ rCorr}
HPRegen 1.42/turn                D - ring "Pook" {Contam Fly rN++ Dex+4}
MPRegen 0.68/turn                Q - +6 ring of dexterity

@: flying, studying 5 skills, corroded
A: high MP 1, forlorn, divine attributes, iridescent scales 3, cold resistance
1, poison resistance, strong 1, [weak 1]
}: 11/15 runes: barnacled, slimy, silver, golden, abyssal, demonic, glowing,
magical, fiery, dark, gossamer
a: no special abilities


You were on level 3 of the Iron City of Dis.
You visited 14 branches of the dungeon, and saw 62 of its levels.
You visited Pandemonium 5 times, and saw 13 of its levels.
You visited the Abyss 2 times.
You visited 1 ziggurat, and saw 14 of its levels.
You also visited: Ice Cave and Wizlab.

You collected 15120 gold pieces.
You spent 11716 gold pieces at shops.


Innate Abilities, Weirdness & Mutations

You have an increased reservoir of magic. (+10% MP)
You shall have no god before yourself.
Your divine heritage dramatically boosts your attributes as you level up.
You are completely covered in iridescent scales. (AC +6)
Your flesh is cold resistant. (rC+)
Your system is resistant to poisons. (rPois)
Your muscles are strong. (Str +4, Int/Dex -1)
[You are weak. (Str -2)]


   Skills:
 * Level 22.6 Fighting
 + Level 23.0 Long Blades
 + Level 23.1 Ranged Weapons
 - Level 5.0 Armour
 * Level 23.1 Dodging
 + Level 19.0 Stealth
 - Level 5.0 Shields
 + Level 19.2 Spellcasting
 - Level 3.0 Hexes
 + Level 25.4 Summonings
 - Level 8.0 Necromancy
 - Level 15.0 Translocations
 - Level 5.0 Air Magic
 - Level 18.0 Evocations


You had 9 spell levels left.
You knew the following spells:

 Your Spells              Type           Power      Damage    Failure   Level
a - Dragon's Call         Summ           46%        N/A       7%          9
b - Apportation           Tloc           100%       N/A       0%          1
c - Vhi's Electric Charg  Tloc/Air       100%       N/A       1%          3
d - Portal Projectile     Hex/Tloc       100%       N/A       1%          3
e - Manifold Assault      Tloc           72%        N/A       1%          4
f - Blink                 Tloc           100%       N/A       0%          2
g - Lesser Beckoning      Tloc           100%       N/A       0%          2
h - Passage of Golubria   Tloc           72%        N/A       1%          4
i - Summon Forest         Summ/Tloc      41%        N/A       0%          5
j - Swiftness             Air            43%        N/A       1%          3
k - Malign Gateway        Summ/Tloc      41%        N/A       1%          7
l - Summon Horrible Thin  Summ           46%        N/A       1%          8
m - Animate Dead          Necr           54%        N/A       1%          4

Your spell library contained the following spells:

 Spells                   Type           Power      Damage    Failure   Level
 Summon Small Mammal      Summ           100%       N/A       0%          1
 Call Imp                 Summ           93%        N/A       0%          2
 Call Canine Familiar     Summ           93%        N/A       0%          3
 Gell's Gravitas          Tloc           72%        N/A       0%          3
 Kiss of Death            Conj/Necr      100%       2d13      1%          1
 Necrotise                Necr           100%       1d9       1%          1
 Shock                    Conj/Air       100%       1d9       1%          1
 Slow                     Hex            100%       N/A       1%          1
 Cigotuvi's Dreadful Rot  Necr/Pois/Air  80%        N/A       1%          2
 Ensorcelled Hibernation  Hex/Ice        54%        N/A       1%          2
 Momentum Strike          Conj/Tloc      100%       3d10      1%          2
 Poisonous Vapours        Pois/Air       64%        N/A       1%          2
 Sublimation of Blood     Necr           54%        N/A       1%          2
 Confusing Touch          Hex            34%        N/A       1%          3
 Kindle Blastsparks       Fire/Tloc/Air  100%       2d18      1%          3
 Summon Guardian Golem    Hex/Summ       70%        N/A       1%          3
 Vampiric Draining        Necr           54%        2d9       1%          3
 Animate Armour           Summ/Erth      100%       N/A       1%          4
 Dispel Undead            Necr           54%        3d20      1%          4
 Iskenderun's Mystic Bla  Conj/Tloc      52%        2d11      1%          4
 Summon Ice Beast         Ice/Summ       67%        N/A       1%          4
 Summon Lightning Spire   Summ/Air       73%        N/A       1%          4
 Summon Mana Viper        Hex/Summ       70%        N/A       1%          5
 Dispersal                Tloc           36%        N/A       1%          6
 Haunt                    Necr/Summ      38%        N/A       1%          7
 Monstrous Menagerie      Summ           46%        N/A       1%          7
 Summon Hydra             Summ           46%        N/A       1%          7
 Foxfire                  Conj/Fire      84%        2x1d8     2%          1
 Magic Dart               Conj           84%        1d7       2%          1
 Sandblast                Erth           42%        2d11      2%          1
 Sting                    Tmut/Pois      84%        1d7       2%          1
 Anguish                  Hex/Necr       22%        N/A       2%          4
 Agony                    Necr           54%        N/A       2%          5
 Passwall                 Tmut/Erth      17%        N/A       3%          2
 Scorch                   Fire           42%        2d7       3%          2
 Searing Ray              Conj           42%        2d6       3%          2
 Dazzling Flash           Conj/Hex       54%        N/A       3%          3
 Inner Flame              Hex/Fire       27%        N/A       3%          3
 Mephitic Cloud           Conj/Pois/Air  28%        N/A       3%          3
 Airstrike                Air            21%        2d(4-20)  3%          4
 Ignite Poison            Fire/Tmut/Pois 21%        N/A       7%          3
 Ozocubu's Armour         Ice            21%        N/A       7%          3
 Spider Form              Tmut/Pois      21%        N/A       7%          3
 Stone Arrow              Conj/Erth      42%        3d9       7%          3
 Cause Fear               Hex            17%        N/A       7%          4
 Spellforged Servitor     Conj/Summ      33%        N/A       11%         7
 Leda's Liquefaction      Hex/Erth       13%        N/A       13%         4
 Silence                  Hex/Air        19%        N/A       13%         5
 Death Channel            Necr           27%        N/A       14%         6
 Flame Wave               Conj/Fire      21%        2d8       24%         4
 Ice Form                 Ice/Tmut       21%        N/A       24%         4
 Olgreb's Toxic Radiance  Pois           21%        N/A       24%         4
 Petrify                  Tmut/Erth      21%        N/A       24%         4
 Sticky Flame             Conj/Fire      21%        2d4       24%         4
 Arcjolt                  Conj/Air       16%        1d26      24%         5
 Lightning Bolt           Conj/Air       16%        1d30      24%         5
 Freezing Cloud           Conj/Ice/Air   14%        6-21      32%         5
 Disjunction              Tloc           36%        N/A       32%         8
 Metabolic Englaciation   Hex/Ice        13%        N/A       34%         5
 Yara's Violent Unravell  Hex/Tmut       13%        3d7       34%         5
 Alistair's Intoxication  Tmut/Pois      14%        N/A       54%         5
 Fireball                 Conj/Fire      10%        3d6       54%         5
 Irradiate                Conj/Tmut      10%        3d15      54%         5
 Lee's Rapid Deconstruct  Erth           10%        3d8*      54%         5
 Simulacrum               Ice/Necr       19%        N/A       56%         6
 Conjure Ball Lightning   Conj/Air       16%        3x3d6     78%         6
 Eringya's Noxious Bog    Tmut/Pois      10%        N/A       98%         6
 Starburst                Conj/Fire      10%        6d5       98%         6
 Statue Form              Tmut/Erth      14%        N/A       98%         6
 Enfeeble                 Hex            17%        N/A       99%         7
 Infestation              Necr           27%        N/A       99%         8
 Dragon Form              Tmut           10%        N/A       100%        7
 Orb of Destruction       Conj           10%        9d6       100%        7
 Ozocubu's Refrigeration  Ice            10%        4d9       100%        7
 Storm Form               Tmut/Air       16%        N/A       100%        7
 Discord                  Hex            17%        N/A       100%        8
 Ignition                 Fire           10%        3d5       100%        8
 Lehudib's Crystal Spear  Conj/Erth      10%        10d4      100%        8
 Maxwell's Capacitive Co  Air            21%        ∞         100%        8
 Chain Lightning          Conj/Air       16%        3d21      100%        9
 Fire Storm               Conj/Fire      10%        8d3       100%        9
 Shatter                  Erth           10%        3d12*     100%        9

Inventory:

Hand Weapons
 a - a +9 triple sword of draining (weapon)
   (You found it on level 3 of the Crypt)
 b - the +8 longbow "Zephyr" {speed, Dex+3 SInv}
   (You found it on level 3 of the Elven Halls)

   Dex:       It affects your dexterity (+3).
   SInv:      It lets you see invisible.
 d - a +6 rapier of speed
   (You found it on level 3 of the Crypt)
 h - a +7 great sword of holy wrath
   (You took it off Sojobo on level 4 of the Depths)
 A - a +9 antimagic great sword
   (You took it off a vault warden on level 2 of the Vaults)
Missiles
 B - 10 throwing nets (quivered)
Armour
 k - a +2 robe of resistance
   (You found it on level 14 of the Dungeon)
 r - a +2 pair of boots of flying (worn)
   (You bought it in a shop on level 6 of the Dungeon)
 x - the +0 helmet of Kikubaaqudgha's Pride (worn) {Rampage Int+4}
   (You bought it in a shop on level 5 of the Dungeon)

   Int:       It affects your intelligence (+4).
   Rampage:   It bestows one free step when moving towards enemies.
 K - the +0 pair of fencer's gloves (worn) {Riposte Dex+3}
   (You found it on level 2 of the Realm of Zot)

   Riposte:   It allows the wearer to riposte with melee weapons, swiftly
   retaliating against missed or blocked melee attacks.
   Dex:       It affects your dexterity (+3).
 V - a +2 cloak of willpower (worn)
   (You took it off a draconian stormcaller on level 1 of the Realm of Zot)
 Z - the +2 robe of Satisfaction (worn) {MP-9 Dex+5}
   (You found it on level 2 of the Depths)

   Dex:       It affects your dexterity (+5).
   MP:        It affects your magic capacity (-9).
Jewellery
 e - the ring "Xuoka" {rN+ Will+ Str+4}
   (You found it in Pandemonium)

   [ring of willpower]

   Str:       It affects your strength (+4).
   rN:        It protects you from negative energy.
   Will:      It increases your willpower.
 f - the amulet "Coicitut" (around neck) {RegenMP Regen+ rCorr}
   (You took it off a draconian annihilator on level 4 of the Realm of Zot)

   [amulet of magic regeneration]

   It increases your rate of magic regeneration.
   Regen:     It increases your rate of health regeneration.
   rCorr:     It protects you from acid and corrosion.
 C - a ring of see invisible
   (You found it on level 12 of a ziggurat)
 D - the ring "Pook" (left hand) {Contam Fly rN++ Dex+4}
   (You found it on level 3 of the Crypt)

   [ring of flight]

   Dex:       It affects your dexterity (+4).
   rN:        It greatly protects you from negative energy.
   Fly:       It grants you flight.
   Contam:    It causes magical contamination when unequipped.
 N - a ring of wizardry
   (You took it off a demonspawn blood saint in Pandemonium)
 O - the ring "Wieleytu" {rElec rF++ rC+}
   (You found it on level 10 of a ziggurat)

   [ring of protection from cold]

   rF:        It greatly protects you from fire.
   rC:        It protects you from cold.
   rElec:     It insulates you from electricity.
 Q - a +6 ring of dexterity (right hand)
   (You found it in Pandemonium)
Wands
 y - a wand of roots (51)
   (You took it off Ijyb on level 3 of the Dungeon)
 P - a wand of light (51)
   (You found it on level 8 of the Dungeon)
 W - a wand of digging (34)
   (You found it on level 7 of the Dungeon)
Scrolls
 i - 28 scrolls of fog
 m - 7 scrolls of blinking
 E - 10 scrolls of magic mapping
 F - 11 scrolls of poison
 M - 5 scrolls of butterflies
 T - 22 scrolls of teleportation
 Y - 9 scrolls of silence
Potions
 g - 24 potions of curing
 l - 3 potions of invisibility
 n - 8 potions of brilliance
 o - 12 potions of heal wounds
 q - 6 potions of mutation
 s - 9 potions of magic
 w - 10 potions of lignification
 I - 7 potions of ambrosia
 J - a potion of cancellation
 R - 8 potions of resistance
 S - 8 potions of haste
 X - 18 potions of might
Miscellaneous
 u - a lightning rod (4/4)
   (You found it on level 3 of the Elven Halls)
 v - the horn of Geryon
   (You took it off Geryon in the Vestibule of Hell)
 z - a condenser vane
   (You found it on level 2 of the Spider Nest)
 G - a box of beasts
   (You found it on level 5 of the Lair of Beasts)
 H - a phial of floods
   (You found it in an ice cave)
 L - a phantom mirror
   (You found it in an ice cave)
 U - a figurine of a ziggurat

Dungeon Overview and Level Annotations

Branches:
Dungeon (15/15)            Temple (0/1) D:5            Lair (5/5) D:9
 Shoals (4/4) Lair:2       Spider (4/4) Lair:2        Slime (5/5) Lair:5
    Orc (2/2) D:11            Elf (3/3) Orc:2        Vaults (5/5) D:14
  Crypt (3/3) Vaults:3       Tomb (3/3) Crypt:3      Depths (4/4) D:15
   Hell (visited)             Dis (3/7) Hell            Geh (0/7) Hell
    Coc (0/7) Hell            Tar (0/7) Hell            Zot (5/5) Depths:4
  IceCv (visited)          WizLab (visited)

Shops:
D:5 [[*(   D:6 [(=:?   D:7 ?   D:9 :   D:10 ?   Orc:1 (!*   Orc:2 *[[?
Elf:2 *   Elf:3 ?(   Shoals:4 (   Vaults:2 *   Vaults:4 (   Vaults:5 (
Depths:4 (

Portals:
Hell: Depths:1 Depths:2 Depths:3 Depths:4
Abyss: Lair:5 Depths:3
Pandemonium: Depths:2 Depths:3

Annotations:
Zot:5 1 exclusion

## ##. #..
#####.#####
#.°.#.#...#
#○..°@C...#
#.CB..B...#
#§...†....#
#...B.....#
#.B.§.....#
#.C..8....#
#.........#
#C..8.8...#
#§B.......#


You could see 4 iron giants and 4 boulder beetles.


Message History

You now have 2845 gold pieces (gained 32).
You now have 2874 gold pieces (gained 29).
You now have 2898 gold pieces (gained 24).
You now have 2923 gold pieces (gained 25).
You swap places.
You now have 2946 gold pieces (gained 23).
You swap places.
You now have 2958 gold pieces (gained 12).
You now have 2979 gold pieces (gained 21).
You swap places.
You swap places.
Your death scarab zombie waves its antennae.
You now have 3014 gold pieces (gained 35).
You swap places.
You now have 3027 gold pieces (gained 13).
q - 6 potions of mutation (gained 1)
You swap places.
You pick up a book of Beasts and begin reading...
You add the spells Summon Ice Beast, Summon Mana Viper and Monstrous Menagerie to your library.
You now have 3044 gold pieces (gained 17).
You now have 3065 gold pieces (gained 21).
You now have 3089 gold pieces (gained 24).
You now have 3113 gold pieces (gained 24).
You swap places.
You now have 3120 gold pieces (gained 7).
You swap places.
You now have 3141 gold pieces (gained 21).
You now have 3163 gold pieces (gained 22).
You now have 3192 gold pieces (gained 29).
You now have 3204 gold pieces (gained 12).
You now have 3221 gold pieces (gained 17).
You swap places.
You see here a +1 heavy sling.
You now have 3234 gold pieces (gained 13).
You swap places.
You now have 3270 gold pieces (gained 36).
You swap places.
You see here 8 stones.
You now have 3284 gold pieces (gained 14).
You now have 3309 gold pieces (gained 25).
You see here a +2 robe of resistance.
You now have 3321 gold pieces (gained 12).
You now have 3354 gold pieces (gained 33).
You swap places.
You see here a +1 heavy sling.
You now have 3363 gold pieces (gained 9).
You swap places.
You now have 3372 gold pieces (gained 9).
There is an open door here.
A mummy comes into view.
You shoot an arrow. The arrow hits the mummy!
The mummy is almost destroyed.
You shoot an arrow. The arrow hits the mummy!!!
You destroy the mummy!
A mummy comes into view.
You shoot an arrow. The arrow hits the mummy!!
You destroy the mummy!
A royal mummy comes into view. It is wielding a +0 rapier.
You shoot an arrow. The arrow hits the royal mummy!
The royal mummy is lightly damaged.
You shoot an arrow.
The arrow hits the royal mummy but does no damage.
The royal mummy is lightly damaged.
Really fire in your death scarab zombie's direction?
Okay, then.
Casting: Portal Projectile (safe; 1% risk of failure)
Confirm with . or Enter, or press ? or * to list all spells.
You begin teleporting projectiles to their destination.
Your death scarab zombie bites the royal mummy but does no damage.
Your death scarab zombie barely misses the royal mummy.
Your death scarab zombie bites the royal mummy.
The royal mummy hits your death scarab zombie with a +0 rapier!!
Fire: b) +8 longbow "Zephyr" {speed, Dex+3 SInv}
Press: ? - help, Q - select action, (/) - cycle Shift-Dir - straight line, f/p - royal mummy
Aim: a royal mummy, wielding a +0 rapier (lightly damaged, ally target, 93% to hit)
You magically shoot an arrow.
The arrow hits the royal mummy!
The royal mummy is lightly damaged.
Your death scarab zombie bites the royal mummy! x2
Fire: b) +8 longbow "Zephyr" {speed, Dex+3 SInv}
Press: ? - help, Q - select action, (/) - cycle Shift-Dir - straight line, f/p - royal mummy
Aim: a royal mummy, wielding a +0 rapier (moderately damaged, ally target, 93% to hit)
You magically shoot an arrow.
The arrow hits the royal mummy but does no damage.
The royal mummy is moderately damaged.
Your death scarab zombie completely misses the royal mummy.
Your death scarab zombie barely misses the royal mummy.
Fire: b) +8 longbow "Zephyr" {speed, Dex+3 SInv}
Press: ? - help, Q - select action, (/) - cycle Shift-Dir - straight line, f/p - royal mummy
Aim: a royal mummy, wielding a +0 rapier (moderately damaged, ally target, 93% to hit)
You magically shoot an arrow.
The arrow hits the royal mummy!
The royal mummy is moderately damaged.
Your death scarab zombie bites the royal mummy.
Your death scarab zombie bites the royal mummy!
The royal mummy closely misses your death scarab zombie.
Fire: b) +8 longbow "Zephyr" {speed, Dex+3 SInv}
Press: ? - help, Q - select action, (/) - cycle Shift-Dir - straight line, f/p - royal mummy
Aim: a royal mummy, wielding a +0 rapier (moderately damaged, ally target, 93% to hit)
You magically shoot an arrow.
The arrow completely misses the royal mummy.
Your death scarab zombie bites the royal mummy but does no damage. x2
Fire: b) +8 longbow "Zephyr" {speed, Dex+3 SInv}
Press: ? - help, Q - select action, (/) - cycle Shift-Dir - straight line, f/p - royal mummy
Aim: a royal mummy, wielding a +0 rapier (moderately damaged, ally target, 93% to hit)
You magically shoot an arrow.
The arrow hits the royal mummy but does no damage.
The royal mummy is moderately damaged.
Your death scarab zombie barely misses the royal mummy.
Your death scarab zombie bites the royal mummy!
Fire: b) +8 longbow "Zephyr" {speed, Dex+3 SInv}
Press: ? - help, Q - select action, (/) - cycle Shift-Dir - straight line, f/p - royal mummy
Aim: a royal mummy, wielding a +0 rapier (moderately damaged, ally target, 93% to hit)
You magically shoot an arrow.
The arrow hits the royal mummy!!!
The royal mummy is heavily damaged.
Your death scarab zombie bites the royal mummy.
The royal mummy barely misses your death scarab zombie.
Your death scarab zombie bites the royal mummy!
Fire: b) +8 longbow "Zephyr" {speed, Dex+3 SInv}
Press: ? - help, Q - select action, (/) - cycle Shift-Dir - straight line, f/p - royal mummy
Aim: a royal mummy, wielding a +0 rapier (severely damaged, not watching you, ally target, 93% to hit)
You magically shoot an arrow.
The arrow hits the royal mummy!
The royal mummy is severely damaged.
Your death scarab zombie bites the royal mummy.
Fire: b) +8 longbow "Zephyr" {speed, Dex+3 SInv}
Press: ? - help, Q - select action, (/) - cycle Shift-Dir - straight line, f/p - royal mummy
Aim: a royal mummy, wielding a +0 rapier (almost destroyed, ally target, 93% to hit)
You magically shoot an arrow.
The arrow hits the royal mummy.
The royal mummy is almost destroyed.
Your death scarab zombie bites the royal mummy!
Your death scarab zombie bites the royal mummy but does no damage.
Your death scarab zombie bites the royal mummy!
Fire: b) +8 longbow "Zephyr" {speed, Dex+3 SInv}
Press: ? - help, Q - select action, (/) - cycle Shift-Dir - straight line, f/p - royal mummy
Aim: a royal mummy, wielding a +0 rapier (almost destroyed, ally target, 93% to hit)
You magically shoot an arrow.
The arrow hits the royal mummy!!
You destroy the royal mummy!
You feel extremely nervous for a moment...
You feel horribly lethargic.
You feel yourself slow down.
You feel your dexterity returning.
Your Dodging skill increases to level 23!
You start resting.
A royal mummy comes into view. It is wielding a +0 long sword.
Fire: b) +8 longbow "Zephyr" {speed, Dex+3 SInv}
Press: ? - help, Q - select action, (/) - cycle Shift-Dir - straight line, f - royal mummy
Aim: a royal mummy, wielding a +0 long sword (ally target, 93% to hit)
You magically shoot an arrow.
The arrow hits the royal mummy!!!
The royal mummy is lightly damaged.
Your death scarab zombie bites the royal mummy!
The royal mummy gestures at you while chanting.
Something smites you!
Fire: b) +8 longbow "Zephyr" {speed, Dex+3 SInv}
Press: ? - help, Q - select action, (/) - cycle Shift-Dir - straight line, f/p - royal mummy
Aim: a royal mummy, wielding a +0 long sword (moderately damaged, ally target, 93% to hit)
You magically shoot an arrow.
The arrow hits the royal mummy but does no damage.
The royal mummy is moderately damaged.
Your death scarab zombie bites the royal mummy! x2
Fire: b) +8 longbow "Zephyr" {speed, Dex+3 SInv}
Press: ? - help, Q - select action, (/) - cycle Shift-Dir - straight line, f/p - royal mummy
Aim: a royal mummy, wielding a +0 long sword (moderately damaged, ally target, 93% to hit)
You magically shoot an arrow.
The arrow hits the royal mummy!!
The royal mummy is heavily damaged.
Your death scarab zombie bites the royal mummy.
Your death scarab zombie bites the royal mummy!
Your death scarab zombie barely misses the royal mummy.
The royal mummy points at your death scarab zombie and mumbles some strange words.
Your death scarab zombie is smitten.
Fire: b) +8 longbow "Zephyr" {speed, Dex+3 SInv}
Press: ? - help, Q - select action, (/) - cycle Shift-Dir - straight line, f/p - royal mummy
Aim: a royal mummy, wielding a +0 long sword (heavily damaged, not watching you, ally target, 93% to hit)
You magically shoot an arrow.
The arrow barely misses the royal mummy.
Your death scarab zombie barely misses the royal mummy. x2
Your death scarab zombie bites the royal mummy.
Your death scarab zombie closely misses the royal mummy.
Your death scarab zombie bites the royal mummy!
Fire: b) +8 longbow "Zephyr" {speed, Dex+3 SInv}
Press: ? - help, Q - select action, (/) - cycle Shift-Dir - straight line, f/p - royal mummy
Aim: a royal mummy, wielding a +0 long sword (heavily damaged, not watching you, ally target, 93% to hit)
You magically shoot an arrow.
The arrow hits the royal mummy!
The royal mummy is severely damaged.
Your death scarab zombie bites the royal mummy but does no damage.
Your death scarab zombie barely misses the royal mummy.
Your death scarab zombie bites the royal mummy but does no damage.
Your death scarab zombie bites the royal mummy.
The royal mummy casts a spell at your death scarab zombie.
Your death scarab zombie is smitten.
Fire: b) +8 longbow "Zephyr" {speed, Dex+3 SInv}
Press: ? - help, Q - select action, (/) - cycle Shift-Dir - straight line, f/p - royal mummy
Aim: a royal mummy, wielding a +0 long sword (severely damaged, not watching you, ally target, 93% to hit)
You magically shoot an arrow.
The arrow hits the royal mummy!
The royal mummy is severely damaged.
Your death scarab zombie bites the royal mummy!!
Your death scarab zombie completely misses the royal mummy.
Your death scarab zombie bites the royal mummy!
Your death scarab zombie bites the royal mummy but does no damage.
Your death scarab zombie bites the royal mummy!
Fire: b) +8 longbow "Zephyr" {speed, Dex+3 SInv}
Press: ? - help, Q - select action, (/) - cycle Shift-Dir - straight line, f/p - royal mummy
Aim: a royal mummy, wielding a +0 long sword (almost destroyed, not watching you, ally target, 93% to hit)
You magically shoot an arrow.
The arrow hits the royal mummy!!!
You destroy the royal mummy!
You feel extremely nervous for a moment...
Pain shoots through your body!!
Your Long Blades skill increases to level 23!
You start resting.
You feel yourself speed up.
You start resting.
You are no longer teleporting projectiles to their destination.
You start resting.
Your death scarab zombie waves its antennae.
HP restored.
You swap places.
You swap places.
You swap places.
You now have 3404 gold pieces (gained 32).
You see here a +0 rapier.
You see here a +0 long sword.
You pick up the golden rune and feel its power.
You now have 11 runes.
Press } to see all the runes you have collected.
You swap places.
You swap places.
You swap places.
You swap places.
You swap places.
You swap places.
Done exploring.
Done exploring.
Search for what [? for help]? tomb Unknown command.
Unknown command.
Your death scarab zombie waves its antennae.
You swap places.
You swap places.
There is an open door here.
There is a one-way staircase leading up here.
You drop the ring "Tameloah" {rF+ rCorr Int+4}.
Okay, then.
Unknown command.
Unknown command.
You start removing your armour.
You continue taking off your +2 robe of positive energy. x4
You finish taking off your +2 robe of positive energy.
You feel less protected from negative energy.
You start putting on your armour.
You continue putting on your +2 robe of resistance. x5
You finish putting on your +2 robe of resistance.
You feel resistant to extremes of temperature.
Unknown command.
Search for what [Enter for "tomb", or ? for help]? boots Unknown command.
Search for what [Enter for "boots", or ? for help]? helm Unknown command.
Search for what [Enter for "helm", or ? for help]? cloak Unknown command.
Unknown command.
Search for what [Enter for "cloak", or ? for help]? robe Unknown command.
Unknown command.
Search for what [Enter for "robe", or ? for help]? great sword Search for what [Enter for "great sword", or ? for help]? holy && ranged Can't find anything matching that.
Search for what [Enter for "holy && ranged", or ? for help]? scroll of enchant Unknown command.
Unknown command.
(D) Dungeon (T) Temple (L) Lair (A) Shoals (N) Spider Nest (M) Slime Pits (O) Orcish Mines (E) Elven Halls (V) Vaults (C) Crypt (W) Tomb (U) Depths (H) Hell (I) Dis (G) Gehenna (X) Cocytus (Y) Tartarus (Z) Zot
Where to? (Enter - Tomb:3 @ (x,y), ? - help)
What level of the Dungeon? (default 14, ? - help) Sorry, I don't know how to get there.
You swap places.
There is a one-way staircase leading up here.
A mysterious force pulls you upwards. The hatch slams shut behind you.
Your mindless puppets stay behind to rot.
Unknown command.
There is an open door here.
There is an open door here.
There is an open door here.
There is a one-way staircase leading up here.
A mysterious force pulls you upwards. The hatch slams shut behind you.
There is a one-way staircase leading down here.
Done exploring.
There is a large open door here.
There is a huge open gate here.
There is a staircase back to the Crypt here.
You fly upwards.
Welcome back to the Crypt!
There is a staircase to the Tomb here.
(D) Dungeon (T) Temple (L) Lair (A) Shoals (N) Spider Nest (M) Slime Pits (O) Orcish Mines (E) Elven Halls (V) Vaults (C) Crypt (W) Tomb (U) Depths (H) Hell (I) Dis (G) Gehenna (X) Cocytus (Y) Tartarus (Z) Zot
Where to? (Enter - Tomb:1 @ (x,y), ? - help)
What level of the Dungeon? (default 14, ? - help)
There is an open gate here.
There is an open gate here.
There is an open gate here.
There is an open gate here.
There is an open door, spattered with blood here.
There is a stone staircase leading up here.
You fly upwards.
There is a stone staircase leading down here.
Things that are here:
a +0 leather armour; a +0 long sword You see here a +1 chain mail of fire resistance.
Things that are here:
+0 fire dragon scales; a +2 halberd
There is a stone staircase leading up, spattered with blood here.
You fly upwards.
There is a stone staircase leading down here.
There is a large open door here.
Things that are here:
a +0 chain mail; a +2 great sword of draining
There is a large open door here.
There is a large open door here.
There is a large open door here.
There is a staircase back to the Vaults here.
You fly upwards.
Welcome back to the Vaults!
There is a staircase to the Crypt, spattered with blood here.
There is an open door, spattered with blood here.
Things that are here:
a +0 robe; a +0 dagger
There is an open door, spattered with blood here.
There is an open door here.
There is a stone staircase leading up here.
You fly upwards.
There is a stone staircase leading down here.
There is an open door here.
There is a stone staircase leading up here.
You fly upwards.
There is a stone staircase leading down, spattered with blood here.
Items here: ( )) ? [.
There is an open door here.
There is an open door here.
There is an open door here.
There is an open door here.
There is an open door here.
There is a gate leading back out of this place here.
You fly up through the gate.
Welcome back to the Dungeon!
There is a gate to the Vaults here.
You see here the +1 pair of boots "Xyfugip" {Harm +Blink rC+ Dex+4}.
Unknown command.
Search for what [Enter for "scroll of enchant", or ? for help]? necro Unknown command.
Okay, then.
Unknown command.
Save game and exit?
Welcome back, scionoferis the Demigod Hexslinger.
Press ? for a list of commands and other information.
Search for what [? for help]? ranged && artefact Search for what [Enter for "ranged && artefact", or ? for help]? speed Unknown command.
Unknown command.
Unknown command.
Search for what [Enter for "speed", or ? for help]? rF+ Unknown command.
Search for what [Enter for "rF+", or ? for help]? rF++ Unknown command.
You drop a wand of charming (78).
You drop a wand of mindburst (48).
Search for what [Enter for "rF++", or ? for help]?
Okay, then.
Unknown command.
Welcome back, scionoferis the Demigod Hexslinger.
Press ? for a list of commands and other information.
Unknown command.
Search for what [? for help]? amulet
There is a stone staircase leading down here.
You fly downwards.
There is a stone staircase leading up here.
There is an escape hatch in the ceiling here.
Things that are here:
a +0 chain mail; a +0 long sword You see here a +0 scimitar of flaming.
There is an open door here.
Items here: " = [[.
f - the amulet "Coicitut" {RegenMP Regen+ rCorr} You start removing your amulet.
You continue taking off the amulet "Ebang" {RegenMP rElec rPois Will++ Dex-3}. x4
You finish taking off the amulet "Ebang" {RegenMP rElec rPois Will++ Dex-3}.
You start putting on your amulet.
You continue putting on the amulet "Coicitut" {RegenMP Regen+ rCorr}. x5
You finish putting on the amulet "Coicitut" {RegenMP Regen+ rCorr}.
The amulet "Coicitut" throbs as it attunes itself to your uninjured body.
f - the amulet "Coicitut" (around neck) {RegenMP Regen+ rCorr} You drop the amulet "Ebang" {RegenMP rElec rPois Will++ Dex-3}.
Unknown command.
Search for what [Enter for "amulet", or ? for help]? cloak Unknown command.
Search for what [Enter for "cloak", or ? for help]? robe Unknown command.
Okay, then.
Unknown command.
c - the +1 robe of Aratiymoo {Int+7} You start removing your armour.
You continue taking off your +2 robe of resistance. x4
You finish taking off your +2 robe of resistance.
You feel hot and cold all over.
You start putting on your armour.
You continue putting on the +1 robe of Aratiymoo {Int+7}. x5
You finish putting on the +1 robe of Aratiymoo {Int+7}.
You feel clever.
Search for what [Enter for "robe", or ? for help]? cloak You see here a scroll of enchant armour.
Things that are here:
a ring of see invisible; the amulet "Etowyred" {rPois rC+ Regen+ Str+3}
Things that are here:
a +2 cloak of willpower; the ring "Xythrirr" {rC+ Int+6}; a +2 hat of intelligence
V - a +2 cloak of willpower You start removing your armour.
You continue taking off the +1 cloak of Gozag, Building {Dex+3}. x4
You finish taking off the +1 cloak of Gozag, Building {Dex+3}.
You start putting on your armour.
You continue putting on your +2 cloak of willpower. x5
You finish putting on your +2 cloak of willpower.
You feel strong-willed.
Search for what [Enter for "cloak", or ? for help]? helm Search for what [Enter for "helm", or ? for help]? robe You see here the +0 leather armour "Zehatey" {rPois rF+ rC+ Int+3}.
You see here the amulet of Hoab Har {Regen+ Int+2 SInv}.
There is a staircase to the Depths here.
You fly downwards.
Welcome back to the Depths!
There is a staircase back to the Dungeon here.
There is a stone staircase leading down here.
You fly downwards.
There is a stone staircase leading up here.
You see here the +2 robe of Satisfaction {MP-9 Dex+5}.
Z - the +2 robe of Satisfaction {MP-9 Dex+5} You start removing your armour.
You continue taking off the +1 robe of Aratiymoo {Int+7}. x4
You finish taking off the +1 robe of Aratiymoo {Int+7}.
You start putting on your armour.
You continue putting on the +2 robe of Satisfaction {MP-9 Dex+5}. x5
You finish putting on the +2 robe of Satisfaction {MP-9 Dex+5}.
You feel agile.
Unknown command.
(D) Dungeon (T) Temple (L) Lair (A) Shoals (N) Spider Nest (M) Slime Pits (O) Orcish Mines (E) Elven Halls (V) Vaults (C) Crypt (W) Tomb (U) Depths (H) Hell (I) Dis (G) Gehenna (X) Cocytus (Y) Tartarus (Z) Zot
Where to? (Enter - Depths:2 @ (x,y), ? - help)
What level of the Dungeon? (default 15, ? - help)
There is a stone staircase leading up here.
You fly upwards.
There is a stone staircase leading down here.
There is a staircase back to the Dungeon here.
You fly upwards.
Welcome back to the Dungeon!
There is a staircase to the Depths here.
Unknown command.
You start removing your armour.
You continue taking off the +2 robe of Satisfaction {MP-9 Dex+5}. x4
You finish taking off the +2 robe of Satisfaction {MP-9 Dex+5}.
You feel your magic capacity increase.
You start putting on your armour.
You continue putting on the +1 robe of Aratiymoo {Int+7}. x5
You finish putting on the +1 robe of Aratiymoo {Int+7}.
You feel clever.
Unknown command.
You start removing your armour.
You continue taking off the +1 robe of Aratiymoo {Int+7}. x4
You finish taking off the +1 robe of Aratiymoo {Int+7}.
You start putting on your armour.
You continue putting on the +2 robe of Satisfaction {MP-9 Dex+5}. x3
Magic restored.
You continue putting on the +2 robe of Satisfaction {MP-9 Dex+5}. x2
You finish putting on the +2 robe of Satisfaction {MP-9 Dex+5}.
You feel agile.
You drop the +1 robe of Aratiymoo {Int+7}.
You drop a +2 robe of positive energy.
You drop the +9 sword of Power {lifebolt}.
You drop the +1 cloak of Gozag, Building {Dex+3}.
Unknown command.
Okay, then.
Unknown command.
There are no items here.
Adjust to which letter? (? for menu, Esc to quit)
a - a +9 triple sword of draining;
h - a +7 great sword of holy wrath You sense an unholy aura.
a - a +9 triple sword of draining (weapon)
Unknown command.
Unknown command.
Unknown command.
Unknown command.
(D) Dungeon (T) Temple (L) Lair (A) Shoals (N) Spider Nest (M) Slime Pits (O) Orcish Mines (E) Elven Halls (V) Vaults (C) Crypt (W) Tomb (U) Depths (H) Hell (I) Dis (G) Gehenna (X) Cocytus (Y) Tartarus (Z) Zot
Where to? (Enter - D:15, ? - help)
You see here a scroll of enchant armour.
Items here: !! = ? [[.
There is a staircase to the Depths here.
You fly downwards.
Welcome back to the Depths!
There is a staircase back to the Dungeon here.
You see here 3 large rocks.
There is an open door here.
The glowing orange brain turns its attention towards you.
There is an open door here.
There is a gateway to Hell, spattered with blood here.
You fly down through the gate.
Welcome back to the Vestibule of Hell!
There is a gateway back to the Dungeon, spattered with blood here.
You see here a +0 flail.
You feel agile.
Your hands tingle!
b - the +8 longbow "Zephyr" (weapon)
{speed, Dex+3 SInv}
There is an open gate here.
Press: ? - help, . - travel You can't see that place. [a metal wall.] Unknown command.
There is a gateway to the Iron City of Dis here.
Unknown command.
You fly down through the gate.
An ancient malice corrodes your equipment.
This branch contains the iron rune of Zot. "You should have left when you had the chance!"
You feel clumsy.
A sourceless malevolence fills the Iron City of Dis...
You are sucked into a shaft and drop 1 floor!
The shaft crumbles and collapses. 3 hellions, an iron giant, a caustic shrike, an iron dragon and 2 Hell Sentinels come into view. "You are not welcome here!"
You feel weakened.
Found a stone staircase leading down.
Your hands tingle!
d - a +6 rapier of speed (weapon)
The helpless iron giant fails to defend itself.
You perforate the iron giant like a sieve!!!!!!
You kill the iron giant!
An ancient champion comes into view.
It is wielding a +2 great mace of draining.
You rampage towards the Hell Sentinel!
The helpless Hell Sentinel fails to defend itself.
You stick the Hell Sentinel like a pincushion!!!!!!
You kill the Hell Sentinel!
The iron dragon breathes metal splinters at you.
The spray of metal splinters misses you.
The hellion gives a hideous shriek!
The Hell Sentinel roars!
You hear a roar!
You sense an unholy aura.
a - a +9 triple sword of draining (weapon)
You hear a screech! x2
Cast which spell? (? or * to list) Space momentarily warps into an impossible shape!
You hit the Hell Sentinel but do no damage.
You hit the ancient champion. You carve the hellion like a ham!!!
You slice the iron dragon!!
Casting: Manifold Assault (safe; 1% risk of failure)
Confirm with . or Enter, or press ? or * to list all spells.
Space momentarily warps into an impossible shape!
You slice the Hell Sentinel like a ripe choko!!!
You slice the hellion like a ripe choko!!!
You kill the hellion!
You barely miss the hellion.
Casting: Manifold Assault (safe; 1% risk of failure)
Confirm with . or Enter, or press ? or * to list all spells.
Space momentarily warps into an impossible shape!
You chop the ancient champion into pieces!!!
You miss the caustic shrike. You chop the hellion into pieces!!!!
You kill the hellion!
You slash the iron dragon!
You hear a screech!
The caustic shrike completely misses you.
A war gargoyle comes into view. It is wielding a +0 flail.
You feel your strength returning.
Casting: Manifold Assault (safe; 1% risk of failure)
Confirm with . or Enter, or press ? or * to list all spells.
Space momentarily warps into an impossible shape!
You hit the war gargoyle but do no damage.
You slice the iron dragon!! You slice the caustic shrike!!
You drain the caustic shrike.
The caustic shrike completely misses you.
You riposte.
You miss the caustic shrike.
The caustic shrike is moderately wounded.
A crystal echidna comes into view.
The iron dragon misses you.
You riposte.
You hit the iron dragon but do no damage.
You drain the iron dragon.
The iron dragon is heavily wounded.
The iron dragon completely misses you. x2
Casting: Manifold Assault (safe; 1% risk of failure)
Confirm with . or Enter, or press ? or * to list all spells.
Space momentarily warps into an impossible shape!
You slice the caustic shrike!! You drain the caustic shrike.
You closely miss the crystal echidna.
You slice the iron dragon like a ripe choko!!!
You kill the iron dragon!
The caustic shrike completely misses you. x2
You riposte.
You cut the caustic shrike into ribbons!!!
You kill the caustic shrike!
A caustic shrike comes into view.
Casting: Manifold Assault (safe; 1% risk of failure)
Confirm with . or Enter, or press ? or * to list all spells.
Space momentarily warps into an impossible shape!
You slash the Hell Sentinel!
You carve the caustic shrike like a turkey!!!!
You slash the ancient champion!
You destroy the ancient champion!
Casting: Manifold Assault (safe; 1% risk of failure)
Confirm with . or Enter, or press ? or * to list all spells.
Space momentarily warps into an impossible shape!
You slice the Hell Sentinel!!
You hit the war gargoyle but do no damage.
You cut the crystal echidna into ribbons!!!
You destroy the crystal echidna!
You slice the hellion!!
You hear a screech!
An ancient champion comes into view. It is wielding a +0 great mace.
Casting: Manifold Assault (safe; 1% risk of failure)
Confirm with . or Enter, or press ? or * to list all spells.
Space momentarily warps into an impossible shape!
You chop the hellion into pieces!!!
You kill the hellion!
You chop the caustic shrike into pieces!!!!
You kill the caustic shrike!
You slash the ancient champion!
A Hell Sentinel comes into view.
The Hell Sentinel gestures at you. The iron shot misses you.
The war gargoyle launches metal splinters at you.
The spray of metal splinters misses you.
You feel your dexterity returning.
Casting: Manifold Assault (safe; 1% risk of failure)
Confirm with . or Enter, or press ? or * to list all spells.
Space momentarily warps into an impossible shape!
You hit the Hell Sentinel but do no damage.
You hit the ancient champion but do no damage.
You open the war gargoyle like a pillowcase!!!!
You destroy the war gargoyle!
Casting: Manifold Assault (safe; 1% risk of failure)
Confirm with . or Enter, or press ? or * to list all spells.
Space momentarily warps into an impossible shape!
You hit the Hell Sentinel but do no damage.
You slash the ancient champion! You slice the Hell Sentinel!!
The ancient champion mumbles some strange words.
The ancient champion seems to speed up.
You rampage towards the Hell Sentinel!
You hit the Hell Sentinel.
The Hell Sentinel is heavily wounded.
The Hell Sentinel completely misses you. x2
You cut the Hell Sentinel into ribbons!!!
The Hell Sentinel is almost dead.
You hear a screech!
The Hell Sentinel completely misses you.
You riposte.
You slice the Hell Sentinel like a ripe choko!!!
You kill the Hell Sentinel!
You feel your strength returning.
Casting: Manifold Assault (safe; 1% risk of failure)
Confirm with . or Enter, or press ? or * to list all spells.
Space momentarily warps into an impossible shape!
You hit the Hell Sentinel but do no damage.
Casting: Manifold Assault (safe; 1% risk of failure)
Confirm with . or Enter, or press ? or * to list all spells.
Space momentarily warps into an impossible shape!
You slice the ancient champion!!
You hit the Hell Sentinel but do no damage.
You rampage towards the Hell Sentinel!
You hit the Hell Sentinel.
The Hell Sentinel is lightly wounded.
The Hell Sentinel gestures at you.
The sphere of damnation explodes!
The damnation engulfs you!!!
The damnation engulfs the Hell Sentinel.
The Hell Sentinel completely resists.
You hear a hideous shriek!
You cut the Hell Sentinel into ribbons!!!
The Hell Sentinel is heavily wounded.
A caustic shrike comes into view.
You slice the Hell Sentinel!!
The Hell Sentinel is severely wounded.
The Hell Sentinel completely misses you.
You riposte.
You cut the Hell Sentinel into ribbons!!!
You kill the Hell Sentinel!
You hit the ancient champion but do no damage.
The ancient champion is heavily damaged.
The ancient champion completely misses you.
You riposte.
You closely miss the ancient champion.
The ancient champion is heavily damaged.
You chop the ancient champion into pieces!!!
You destroy the ancient champion!
The caustic shrike completely misses you.
You hit the caustic shrike but do no damage.
You drain the caustic shrike.
The caustic shrike is lightly wounded.
The caustic shrike completely misses you.
You riposte.
You cut the caustic shrike into ribbons!!!
You drain the caustic shrike.
The caustic shrike is heavily wounded.
The caustic shrike completely misses you.
Something unseen opens the door.
You miss the caustic shrike.
The caustic shrike is heavily wounded.
The caustic shrike claws you but does no damage.
You slice the caustic shrike!!
The caustic shrike is severely wounded.
The caustic shrike claws you!
You are splashed with acid.
You resist.
A hellion comes into view.
The caustic shrike completely misses you.
You riposte.
You cut the caustic shrike into ribbons!!!
You kill the caustic shrike!
Things that are here:
a +2 great mace of draining; a +0 plate armour You rampage towards the hellion!
You slice the hellion like a ripe choko!!!!
You kill the hellion!
You start resting.
HP restored.
You start resting.
Magic restored.
You see here a caustic shrike corpse.
There is an open door here.
You reach down and open the door.
A hellion, an ancient champion and 2 iron golems come into view.
The ancient champion is wielding a +2 battleaxe of draining.
Your hands tingle!
d - a +6 rapier of speed (weapon)
An iron giant comes into view. It is wielding a +0 giant spiked club.
There is an open door here.
The helpless iron giant fails to defend itself.
You perforate the iron giant like a sieve!!!!!!
You kill the iron giant!
You feel your strength returning.
The helpless iron golem fails to defend itself.
You skewer the iron golem like a kebab!!!!!!
You destroy the iron golem!
You rampage towards the ancient champion!
The helpless ancient champion fails to defend itself.
You spit the ancient champion like a pig!!!!!!
You destroy the ancient champion!
Your Stealth skill increases to level 19!
You sense an unholy aura.
a - a +9 triple sword of draining (weapon)
Casting: Manifold Assault (safe; 1% risk of failure)
Confirm with . or Enter, or press ? or * to list all spells.
Space momentarily warps into an impossible shape!
You chop the iron golem into pieces!!! You carve the hellion like a ham!!!
You kill the hellion!
You chop the iron golem into pieces!!!
The iron golem is moderately damaged.
You slice the iron golem like a ripe choko!!!!
The iron golem is severely damaged.
The iron golem completely misses you. x2
You open the iron golem like a pillowcase!!!!
The iron golem is almost destroyed.
The iron golem completely misses you. x2
You hit the iron golem but do no damage.
The iron golem is almost destroyed.
You hit the iron golem but do no damage.
The iron golem is almost destroyed.
The iron golem completely misses you. x2
You barely miss the iron golem.
The iron golem is almost destroyed.
The iron golem completely misses you.
You riposte.
You open the iron golem like a pillowcase!!!
You destroy the iron golem!
You start resting.
Magic restored.
Things that are here:
a +2 battleaxe of draining; a +0 chain mail You reach down and open the door.
An ancient champion and an iron golem come into view.
The ancient champion is wielding a +2 great mace of draining.
Your hands tingle!
d - a +6 rapier of speed (weapon)
There is an open door here.
The helpless ancient champion fails to defend itself.
You perforate the ancient champion like a sieve!!!!!
You destroy the ancient champion!
You feel your strength returning.
You rampage towards the iron golem!
The helpless iron golem fails to defend itself.
You spit the iron golem like a pig!!!!!
The iron golem is severely damaged.
You hit the iron golem but do no damage.
The iron golem is severely damaged.
You sense an unholy aura.
a - a +9 triple sword of draining (weapon)
You slice the iron golem!!
The iron golem is severely damaged.
The iron golem completely misses you.
You riposte.
You slice the iron golem like a ripe choko!!!
The iron golem is almost destroyed.
The iron golem completely misses you.
You slice the iron golem!!
The iron golem is almost destroyed.
The iron golem completely misses you. x2
You slash the iron golem!
You destroy the iron golem!
Things that are here:
a +2 great mace of draining; a +0 chain mail You reach down and open the door.
There is an open door here.
You reach down and open the door.
An iron golem comes into view.
You slash the iron golem!
The iron golem is lightly damaged.
You slash the iron golem!
The iron golem is lightly damaged.
The iron golem completely misses you.
You riposte.
You open the iron golem like a pillowcase!!!
The iron golem is moderately damaged.
The iron golem completely misses you.
You barely miss the iron golem.
The iron golem is moderately damaged.
You completely miss the iron golem.
The iron golem is moderately damaged.
The iron golem completely misses you.
You riposte.
You hit the iron golem but do no damage.
The iron golem is moderately damaged.
The iron golem completely misses you.
You slice the iron golem!!
The iron golem is moderately damaged.
The iron golem completely misses you. x2
You hit the iron golem but do no damage.
The iron golem is moderately damaged.
The iron golem completely misses you. x2
You slice the iron golem!!
The iron golem is moderately damaged.
You slash the iron golem!
The iron golem is heavily damaged.
The iron golem completely misses you.
You riposte.
You barely miss the iron golem.
The iron golem is heavily damaged.
The iron golem completely misses you.
You barely miss the iron golem.
The iron golem is heavily damaged.
The iron golem completely misses you. x2
You cut the iron golem into ribbons!!!
The iron golem is heavily damaged.
You hit the iron golem.
The iron golem is heavily damaged.
The iron golem completely misses you. x2
You hit the iron golem but do no damage.
The iron golem is heavily damaged.
The iron golem completely misses you. x2
You carve the iron golem like a ham!!!
The iron golem is severely damaged.
You chop the iron golem into pieces!!!!
You destroy the iron golem!
There is an open door here.
You reach down and open the door.
Found a gateway leading out of Dis.
There is an open door here.
There is an open door here.
A hellion comes into view.
Casting: Manifold Assault (safe; 1% risk of failure)
Confirm with . or Enter, or press ? or * to list all spells.
Space momentarily warps into an impossible shape!
You slice the hellion!!
Casting: Manifold Assault (safe; 1% risk of failure)
Confirm with . or Enter, or press ? or * to list all spells.
Space momentarily warps into an impossible shape!
You chop the hellion into pieces!!!
You kill the hellion!
You start resting.
Magic restored.
You reach down and open the door.
There is an open door here.
You reach down and open the door.
A crystal echidna comes into view.
There is an open door here.
You rampage towards the crystal echidna!
The helpless crystal echidna fails to defend itself.
You chop the crystal echidna into pieces!!!!
You destroy the crystal echidna!
There is an open door here.
You reach down and open the door.
There is an open door here.
Done exploring.
Done exploring.
Search for what [Enter for "robe", or ? for help]? dis Unknown command.
There is a stone staircase leading down here.
Your hands tingle!
d - a +6 rapier of speed (weapon)
You fly downwards.
You have a premonition of your own gruesome death.
You feel weaker.
There is a gateway leading out of Dis here.
You sense an unholy aura.
a - a +9 triple sword of draining (weapon)
4 boulder beetles come into view. 4 iron giants come into view.
The iron giant shouts!
The boulder beetle curls into a ball and begins rolling!
Casting: Manifold Assault (safe; 1% risk of failure)
Confirm with . or Enter, or press ? or * to list all spells.
Space momentarily warps into an impossible shape!
The iron giant shouts! x2
You carve the iron giant like a ham!!!
You chop the boulder beetle into pieces!!!
You drain the boulder beetle.
You cut the boulder beetle into ribbons!!!
You drain the boulder beetle!
A boulder beetle comes into view.
The iron giant throws the boulder beetle at you!
The boulder beetle curls into a ball and begins rolling!
A boulder beetle comes into view.
The iron giant throws the boulder beetle at you!
A boulder beetle comes into view.
Casting: Manifold Assault (safe; 1% risk of failure)
Confirm with . or Enter, or press ? or * to list all spells.
Space momentarily warps into an impossible shape!
You open the boulder beetle like a pillowcase!!!
You barely miss the boulder beetle. You barely miss the iron giant.
Casting: Manifold Assault (safe; 1% risk of failure)
Confirm with . or Enter, or press ? or * to list all spells.
Space momentarily warps into an impossible shape!
You hit the boulder beetle but do no damage.
You chop the boulder beetle into pieces!!!
You drain the boulder beetle!
You slice the boulder beetle like a ripe choko!!!
You kill the boulder beetle!
The boulder beetle completely misses you.
You riposte.
You completely miss the boulder beetle.
The boulder beetle is heavily wounded.
The boulder beetle leaps!
The iron giant throws the iron giant at you!
Casting: Manifold Assault (safe; 1% risk of failure)
Confirm with . or Enter, or press ? or * to list all spells.
Space momentarily warps into an impossible shape!
You open the boulder beetle like a pillowcase!!!!
You kill the boulder beetle!
You hit the iron giant but do no damage.
You drain the iron giant. You slash the boulder beetle!
You drain the boulder beetle. The iron giant completely misses you.
The boulder beetle curls into a ball and begins rolling!
The boulder beetle completely misses you.
You riposte.
You slash the boulder beetle! You drain the boulder beetle.
The boulder beetle is almost dead.
Casting: Manifold Assault (safe; 1% risk of failure)
Confirm with . or Enter, or press ? or * to list all spells.
Space momentarily warps into an impossible shape!
You slash the iron giant!
You hit the boulder beetle but do no damage.
You slice the iron giant like a ripe choko!!!
You drain the iron giant!! The iron giant casts a spell at you.
The iron shot misses you.
The boulder beetle completely misses you.
You riposte.
You cut the boulder beetle into ribbons!!!
The boulder beetle is almost dead.
The boulder beetle stops rolling and uncurls.
The boulder beetle bites you.
The iron giant throws the iron giant at you!
The boulder beetle leaps!
You carve the iron giant like a ham!!! You drain the iron giant.
The iron giant is moderately wounded.
You hit the iron giant but do no damage.
The iron giant is moderately wounded.
The iron giant completely misses you. x2; The boulder beetle leaps!
The boulder beetle waves its antennae.
The boulder beetle leaps! x2
You open the iron giant like a pillowcase!!!!
You drain the iron giant!!!
The iron giant is severely wounded.
The iron giant hits you with a +0 giant spiked club!!!!
The boulder beetle leaps!
The iron giant hits you with a +0 giant club!!!
* * * LOW HITPOINT WARNING * * *
The iron giant casts a spell at you. The iron shot misses you.
The iron shot hits the iron giant!!
Press: ? - help, v - describe, . - travel
Here: an iron giant, wielding a +0 giant spiked club (moderately wounded, lightly drained)
The floor, spattered with blood.
Casting: Manifold Assault (safe; 1% risk of failure)
Confirm with . or Enter, or press ? or * to list all spells.
You blink.
The iron giant completely misses you.
You riposte.
You slice the iron giant like a ripe choko!!!
You drain the iron giant!
The iron giant is severely wounded.
The boulder beetle curls into a ball and begins rolling!
The boulder beetle completely misses you.
The boulder beetle stops rolling and uncurls.
The boulder beetle leaps!
Casting: Blink (safe; 0% risk of failure)
Confirm with . or Enter, or press ? or * to list all spells.
You blink.
The iron giant throws the iron giant at you!
* * * LOW HITPOINT WARNING * * *
The iron giant throws the iron giant at you!
* * * LOW HITPOINT WARNING * * *
The boulder beetle curls into a ball and begins rolling!
The boulder beetle leaps!
The boulder beetle curls into a ball and begins rolling!
Casting: Blink (safe; 0% risk of failure)
Confirm with . or Enter, or press ? or * to list all spells.
You blink.
The iron giant fires a harpoon shot at you.
The harpoon shot misses you.
The iron giant throws the boulder beetle at you!
* * * LOW HITPOINT WARNING * * *
The boulder beetle misses you.
The boulder beetle stops rolling and uncurls.
The iron giant throws the iron giant at you!
You die...

Skill      XL: |  1  2  3  4  5  6  7  8  9 10 11 12 13 14 15 16 17 18 19 20 21 22 23 24 25 26 27 |
---------------+----------------------------------------------------------------------------------+-----
Fighting       | 1 2 3 4 5 6 7 8 9 10 12 13 14 15 16 17 18 19 22 | 22.6
Dodging        | 2 3 4 5 6 8 9 11 12 13 14 16 17 18 19 20 23 | 23.1
Stealth        | 1 2 3 4 5 7 8 9 11 12 13 14 19 | 19.0
Long Blades    | 1 2 3 4 6 7 9 10 12 14 17 18 19 20 21 22 23 | 23.0
Evocations     | 3 6 8 10 12 13 18 | 18.0
Shields        | 1 5 |  5.0
Ranged Weapons | 2 9 15 16 18 20 21 22 23 | 23.1
Translocations | 4 8 10 15 | 15.0
Air Magic      | 3 5 |  5.0
Hexes          | 3 |  3.0
Spellcasting   | 6 9 19 | 19.2
Summonings     | 25 | 25.4
Armour         | 5 |  5.0
Necromancy     | 8 |  8.0

Action                     |  1- 3 |  4- 6 |  7- 9 | 10-12 | 13-15 | 16-18 | 19-21 | 22-24 | 25-27 || total
---------------------------+-------+-------+-------+-------+-------+-------+-------+-------+-------++-------
  Melee: Dagger            |    29 |   170 |   136 |    74 |    38 |    94 |     7 |    32 |    15 ||   595
         Punch             |       |     3 |     6 |    14 |    31 |     6 |    30 |    12 |     1 ||   103
         Long sword        |       |       |   264 |       |    59 |    24 |       |       |       ||   347
         Great sword       |       |       |    35 |     6 |       |       |       |    10 |   976 ||  1027
         Scimitar          |       |       |       |   782 |   770 |       |       |       |       ||  1552
         Demon blade       |       |       |       |       |   806 |  1697 |  1058 |   648 |       ||  4209
         Triple sword      |       |       |       |       |       |       |       |   398 |  1267 ||  1665
         Headbutt          |       |       |       |       |       |       |       |       |   102 ||   102
         Rapier            |       |       |       |       |       |       |       |       |    13 ||    13
   Fire: Sling             |   126 |    66 |       |       |       |     3 |       |       |       ||   195
         Shortbow          |       |    17 |    43 |       |       |       |       |       |       ||    60
         Arbalest          |       |       |    93 |   177 |   228 |     4 |       |       |       ||   502
         Longbow           |       |       |       |       |       |       |   140 |   230 |  6868 ||  7238
  Throw: Throwing net      |       |     1 |     1 |       |     1 |       |     1 |       |       ||     4
         Dart              |       |       |       |       |    51 |    31 |     3 |     2 |     2 ||    89
   Cast: Apportation       |       |       |       |       |       |       |       |    33 |    18 ||    51
         Portal Projectile |       |       |       |       |       |       |       |       |    29 ||    29
         Manifold Assault  |       |       |       |       |       |       |       |       |   522 ||   522
         Summon Horrible T |       |       |       |       |       |       |       |       |    13 ||    13
         Summon Forest     |       |       |       |       |       |       |       |       |    11 ||    11
         Dragon's Call     |       |       |       |       |       |       |       |       |     6 ||     6
         Animate Dead      |       |       |       |       |       |       |       |       |     5 ||     5
         Blink             |       |       |       |       |       |       |       |       |     4 ||     4
         Vhi's Electric Ch |       |       |       |       |       |       |       |       |     3 ||     3
  Evoke: Wand              |       |       |       |     2 |     7 |     9 |       |     3 |     3 ||    24
         Condenser vane    |       |       |       |       |       |     3 |     1 |     1 |     2 ||     7
         Phantom mirror    |       |       |       |       |       |       |     1 |       |     2 ||     3
         Box of beasts     |       |       |       |       |       |       |     1 |       |       ||     1
         Horn of Geryon    |       |       |       |       |       |       |       |       |     2 ||     2
         Lightning rod     |       |       |       |       |       |       |       |       |     2 ||     2
    Use: Scroll            |       |     1 |       |    11 |    18 |    11 |     1 |     3 |    58 ||   103
         Potion            |       |       |     1 |     3 |     4 |     2 |     1 |     3 |    62 ||    76
   Stab: Sleeping          |       |     1 |       |     1 |    31 |    64 |    21 |    45 |    27 ||   190
         Held in net/web   |       |     1 |       |       |     1 |       |     1 |       |       ||     3
         Invisible         |       |       |       |     1 |     2 |    11 |       |     9 |    17 ||    40
         Petrifying        |       |       |       |     1 |       |       |       |       |       ||     1
         Distracted        |       |       |       |       |     6 |     9 |    16 |    17 |    29 ||    77
         Confused          |       |       |       |       |       |       |       |     1 |       ||     1
 Armour: Robe              |    13 |       |       |     1 |    24 |       |       |       |   124 ||   162
         Scale mail        |       |    94 |   201 |   199 |       |       |       |       |       ||   494
         Steam dragon scal |       |       |       |    46 |    25 |       |       |       |       ||    71
         Troll leather arm |       |       |       |       |   122 |    83 |       |       |       ||   205
         Leather armour    |       |       |       |       |    44 |    80 |   100 |    97 |    25 ||   346
         Skin              |       |       |       |       |       |       |       |       |    67 ||    67
  Dodge: Dodged            |    55 |   119 |   312 |   712 |  2124 |  2049 |  1217 |  1262 |  2742 || 10592
         Repelled          |       |       |       |       |       |     5 |     5 |     7 |    23 ||    40
  Block: Buckler           |       |       |       |       |       |   693 |    32 |       |       ||   725
         Reflection        |       |       |       |       |       |    19 |    10 |       |       ||    29
Riposte: Triple sword      |       |       |       |       |       |       |       |       |   234 ||   234
         Great sword       |       |       |       |       |       |       |       |       |   117 ||   117

Levels and vault maps discovered:
D:1:      minmay_arrival_cross, layout_rooms
D:2:      minmay_general_purpose_star, layout_loops_corners
D:3:      layout_basic, lemuel_crystal_altar, kennysheep_path_1, uniq_terence,
          uniq_ijyb
D:4:      layout_basic, minmay_fire_ice_demons
D:5:      layout_loops_corners, minmay_temple_entry_glassed_door, serial_shops,
          nicolae_shop_behind_doors, shop, nicolae_shop_crystal, shop,
          minmay_fractal_squares_5
D:6:      layout_loops_ring, nemelex_dance_club_becter, serial_shops, shop,
          minivault_14, grunt_decor_arrowhead, chequers_serial_rivers_room_b,
          nicolae_wooded_promenade, minmay_lizard_king
D:7:      layout_loops_ring, gammafunk_ghost_split, serial_shops, shop,
          serial_co_window_serial, co_window_corner_a, co_window_paths_a,
          co_window_paths_a, co_window_of_opportunity_a, co_window_paths_a,
          co_window_corner_a, co_window_2corner, co_window_broadway_a,
          co_window_broadway_a, co_window_paths_e, glass_columns_c,
          glass_columns_a, glass_columns_c, minmay_fractal_squares_gapless_5
D:8:      layout_rooms, serial_curves, eino_curves_01, eino_curves_02
D:9:      layout_stronghold, general_overflow_altar, hellmonk_lair_entry_icy,
          serial_shops, nicolae_shop_trees, uniq_grum, uniq_erolcha
D:10:     layout_long_grid, serial_shops, nicolae_diamond_shop,
          chequers_serial_rivers_small_b, uniq_snorg, uniq_lodul
D:11:     layout_basic, orc_0_dummy
D:12:     layout_small_grid, uniq_fannar
D:13:     nzn_motion_control, layout_rooms, uniq_kirke
D:14:     regret_index_combs_of_tragedy, layout_rooms,
          hangedman_vaults_entry_quadrant_bands, minmay_staircase_windowed_large
D:15:     gammafunk_enter_depths_forms, layout_rooms,
          portal_ice_cave_entry_pillars_four, nicolae_ru_awakened_eye, drop_trap
Lair:1:   layout_gridlike
Lair:2:   layout_layer_cave, shoals_dummy_entry, spider_nest_entry_rubble,
          grunt_megastairs_4
Lair:3:   layout_cave_pods, lemuel_fruit_tree
Lair:4:   layout_loops_ring, infiniplex_staircase_pool_2
Lair:5:   hellmonk_lair_end_abyssal_woods, layout_cave_pods,
          minmay_slime_entry_eyes
Shoals:1: layout_shoals, lemuel_oklob_altar, uniq_josephine, uniq_mlioglotl
Shoals:2: layout_shoals
Shoals:3: layout_shoals, nicolae_shoals_elemental_ambush
Shoals:4: shoals_end_hangedman, layout_shoals, serial_shops,
          nicolae_shop_behind_doors, uniq_donald
Spider:1: layout_spider_delve, nicolae_spider_undead_wolf_pack, uniq_aizul,
          uniq_roxanne
Spider:2: layout_spider_delve, gammafunk_ghost_berserking_beasts
Spider:3: layout_chambers
Spider:4: johnstein_spider_rune_arachne_lair, nicolae_spider_eight_legs,
          uniq_asterion
Slime:1:  layout_caves, basic_altar
Slime:2:  layout_caves, nicolae_slime_getting_an_eyeful
Slime:3:  layout_caves
Slime:4:  layout_caves
Slime:5
Orc:1:    layout_diamond_mine, serial_shops, shop_fountains, shop, shop
Orc:2:    grunt_orc_tribal_feast, layout_caves, nicolae_orc_lava_room
Elf:1:    eino_elf_arrival_sip, layout_loops_ring, minivault_28
Elf:2:    nicolae_elf_blades_crystal_corner, layout_loops_cross,
          serial_aquarium, aquarium_bridge_long_joined [aquarium_subvault_wall,
          aquarium_subvault_bridge, aquarium_subvault_wall,
          aquarium_subvault_wall, aquarium_subvault_wall,
          aquarium_subvault_bridge], aquarium_window_1,
          aquarium_window_corridor_2, aquarium_view_2a, aquarium_pool_1,
          nicolae_shop_overcharged_wands, uniq_jorgrun
Elf:3:    elf_hall, layout_loops_cross, serial_shops, nicolae_shop_stone,
          nicolae_shop_firing_range
Vaults:1: nicolae_vaults_little_squares_1, v_misc_24, ontoclasm_vaults_hangar,
          vaults_room_hallway, v_alt_pattern_5, st_quartered_hall,
          nicolae_vaults_angled_halls, nicolae_vaults_ninety_degrees,
          ontoclasm_vaults_shuriken, vaults_room_corners,
          nicolae_vaults_asterisk, ontoclasm_vaults_idyll,
          vaults_room_stairs_pillars, layout_vaults_omnicross
Vaults:2: v_alt_pattern_3, dpeg_vaults_monster_row, v_misc_30, st_eye,
          v_pattern_4, vaults_mumra_hex, hangedman_vaults_maws,
          ontoclasm_vaults_gateway, vaults_room_stairs_pillars,
          ontoclasm_vaults_decontamination, layout_vaults_quadrants,
          serial_shops, shop_fountains
Vaults:3: nicolae_vaults_c_with_doors, grunt_vaults_focal,
          minmay_crypt_entry_simple_round, v_misc_14, nicolae_vaults_what_the_h,
          vaults_room_pools, v_alt_pattern_3, v_misc_24,
          hangedman_vaults_stretched_pinwheel, v_misc_18,
          vaults_dpeg_emergency_exit, v_alt_pattern_1, v_misc_30,
          vaults_room_door_ring, nicolae_vaults_circle_grid_b,
          layout_vaults_maze
Vaults:4: dpeg_vaults_monster_box, v_pattern_5, vaults_dpeg_hooks, v_misc_12,
          vaults_mumra_chevron, nicolae_vaults_puzzle_piece,
          nicolae_vaults_network_star, vaults_room_door_hall,
          nicolae_vaults_rhombus_6, layout_vaults_big_room, uniq_boris
Vaults:5: serial_shops
Crypt:1:  layout_gridlike, mu_enter_wizlab_6, unseen_surprise_small
Crypt:2:  layout_gridlike, gammafunk_ghost_cemetery, grunt_megastairs_5,
          uniq_margery, uniq_grunn, uniq_saint_roka
Crypt:3:  david_glass_crypt, layout_basic,
          nicolae_tomb_entry_unfolded_pyramid_orthogonal,
          minmay_strange_pillars, serial_sigils_hangedman_scar, uniq_zenata
Tomb:1
Tomb:2
Tomb:3
Depths:1: layout_gridlike, hell_entry, hellmonk_bongcloud_opening, zin_treasury,
          serial_bayou_shore_b, serial_bayou_shore_a, serial_bayou_shore_b,
          kennysheep_random_hallway, uniq_mara
Depths:2: minmay_inside_and_out, layout_gridlike, bloody_trog, hell_entry,
          rand_demon_pan_entry_3, nicolae_transporter_intersection,
          serial_bayou_shore_b, serial_bayou_shore_b,
          infiniplex_staircase_zigzag_4, serial_bayou_shore_b
Depths:3: nicolae_cairo_tiling, layout_small_grid, abyss_entry,
          grunt_pan_entry_zigzag, hell_entry, dk_noncrumbling_3,
          grunt_decor_resistance, nicolae_keep_em_comin, serial_bayou_shore_b
Depths:4: grunt_zot_entry_alcove, layout_gridlike, enter_ziggurat_b,
          grunt_hell_entry_demonic_statue, serial_shops, nicolae_diamond_shop,
          serial_sigils_hangedman_gut, minmay_misc_feat_alley,
          minmay_serpent_palace, uniq_sojobo
Hell
Dis:1:    layout_subdivisions, nicolae_hells_seeping_fissure
Dis:2:    layout_subdivisions, nicolae_dis_having_a_grate_time
Dis:3:    layout_overlapping_boxes, nicolae_dis_bowling_alley
Zot:1:    layout_onion_interference
Zot:2:    gammafunk_sealed_arena, layout_cellular_growth
Zot:3:    layout_misc_corridors, gammafunk_ghost_tricky_traps,
          st_large_dragon_hoard_2, uniq_vv
Zot:4:    gammafunk_the_bubble [the_bubble_gammafunk_crates], layout_basic,
          hellmonk_ghost_happy_afterlife
Zot:5:    layout_basic

Notes
Turn   | Place    | Note
-------+----------+-------------------------------------------
     0 | D:1      | scionoferis the Demigod Hexslinger began the quest for the
                  | Orb.
     0 | D:1      | Reached XP level 1. HP: 15/15 MP: 4/4
    50 | D:1      | Reached skill level 1 in Fighting
    89 | D:1      | Reached skill level 2 in Dodging
   190 | D:1      | Reached XP level 2. HP: 23/23 MP: 5/5
   243 | D:1      | You fall into a shaft and drop 1 floor!
   330 | D:2      | Reached skill level 1 in Stealth
   693 | D:2      | Reached XP level 3. HP: 28/28 MP: 6/6
   742 | D:1      | Reached skill level 1 in Long Blades
  1262 | D:2      | Identified the +2 dagger "Miss" {pain, Int+3 Dex+3}
  1441 | D:2      | Reached XP level 4. HP: 36/36 MP: 8/8
  1646 | D:3      | Identified the +4 scale mail "Qinoatim" {-Cast +Inv Str+3}
  1708 | D:3      | Reached skill level 3 in Dodging
  1841 | D:3      | Noticed Terence
  1859 | D:3      | Killed Terence
  2038 | D:3      | Reached skill level 2 in Long Blades
  2224 | D:3      | Noticed Ijyb
  2259 | D:3      | Killed Ijyb
  2260 | D:3      | Reached skill level 2 in Fighting
  2260 | D:3      | Reached XP level 5. HP: 13/41 MP: 9/9
  2908 | D:4      | Reached skill level 2 in Stealth
  3056 | D:4      | Reached XP level 6. HP: 46/50 MP: 10/10
  3133 | D:4      | Reached skill level 3 in Long Blades
  3133 | D:4      | Reached skill level 4 in Dodging
  4036 | D:5      | Entered Level 5 of the Dungeon
  4133 | D:5      | Found a staircase to the Ecumenical Temple.
  4244 | D:5      | Reached skill level 3 in Fighting
  4244 | D:5      | Reached skill level 3 in Stealth
  4244 | D:5      | Reached XP level 7. HP: 26/57 MP: 11/11
  4536 | D:5      | Reached skill level 4 in Long Blades
  4642 | D:5      | Found Xiwka's Assorted Antiques.
  4648 | D:5      | Bought a bubbling green potion for 21 gold pieces
  4648 | D:5      | Bought a scroll labelled ZINKEOHIEH for 24 gold pieces
  4648 | D:5      | Bought a metallic black potion for 21 gold pieces
  4648 | D:5      | Bought a thick blue amulet for 120 gold pieces
  4648 | D:5      | Bought a wooden wand for 96 gold pieces
  4677 | D:5      | Found Weba's Antique Weapon Emporium.
  4728 | D:5      | Found Zeasif's Antique Armour Shop.
  4750 | D:5      | Reached skill level 5 in Dodging
  4774 | D:5      | Noticed a yak
  4796 | D:5      | Killed a yak
  4807 | D:5      | Reached XP level 8. HP: 59/64 MP: 12/12
  4841 | D:5      | Reached skill level 5 in Long Blades
  5095 | D:5      | Found Jeump's Armour Boutique.
  5389 | D:6      | Found Oczeclai's Magic Scroll Emporium.
  5416 | D:5      | Reached skill level 4 in Stealth
  5509 | D:6      | Reached skill level 6 in Dodging
  5516 | D:6      | Reached skill level 4 in Fighting
  5808 | D:6      | Found Lusiud's Armour Shop.
  6050 | D:6      | Reached skill level 6 in Long Blades
  6208 | D:6      | Reached XP level 9. HP: 53/71 MP: 13/13
  6277 | D:6      | Found Necsy's Book Emporium.
  6412 | D:6      | Reached skill level 7 in Dodging
  6447 | D:6      | Found Donojup's Weapon Boutique.
  6448 | D:6      | Found Latwo's Jewellery Boutique.
  6601 | D:6      | Bought a scroll of identify for 24 gold pieces
  6664 | D:6      | Reached skill level 5 in Stealth
  7047 | D:7      | Noticed Rudyous's ghost (novice MiFi)
  7049 | D:7      | Noticed a deep elf pyromancer
  7056 | D:7      | Found a runed translucent gate.
  7056 | D:7      | Found a runed translucent gate.
  7094 | D:7      | Reached skill level 5 in Fighting
  7094 | D:7      | Reached skill level 7 in Long Blades
  7182 | D:7      | Found a runed translucent gate.
  7455 | D:7      | Found Miuth's Magic Scroll Emporium.
  7463 | D:7      | Bought a scroll of noise for 13 gold pieces
  7463 | D:7      | Bought a scroll of teleportation for 39 gold pieces
  7526 | D:7      | Reached skill level 8 in Dodging
  8156 | D:8      | Reached XP level 10. HP: 74/80 MP: 14/14
  8221 | D:8      | Reached skill level 6 in Stealth
  8313 | D:8      | Reached skill level 8 in Long Blades
  8702 | D:9      | Noticed Grum
  8755 | D:9      | Killed Grum
  8932 | D:9      | Reached skill level 6 in Fighting
  8967 | D:9      | Reached skill level 9 in Dodging
  9292 | D:9      | Found a staircase to the Lair.
  9320 | D:9      | Noticed a centaur warrior
  9329 | D:9      | Killed a centaur warrior
  9330 | D:9      | Reached skill level 9 in Long Blades
  9589 | D:9      | Reached skill level 7 in Stealth
  9667 | D:9      | Found Waphifaj's Book Shoppe.
  9669 | D:9      | Noticed Erolcha
  9690 | D:9      | Killed Erolcha
  9691 | D:9      | Reached XP level 11. HP: 91/91 MP: 15/15
  9775 | D:9      | Paralysed by a hornet for 1 turns
 10316 | D:6      | Bought a scroll of magic mapping for 90 gold pieces
 10316 | D:6      | Bought a scroll of identify for 24 gold pieces
 10410 | D:7      | Bought a scroll of identify for 26 gold pieces
 10410 | D:7      | Bought a scroll of identify for 26 gold pieces
 10533 | D:10     | Entered Level 10 of the Dungeon
 10597 | D:10     | Reached skill level 10 in Dodging
 11040 | D:10     | Found Risoirphi's Magic Scroll Boutique.
 11048 | D:10     | Reached skill level 7 in Fighting
 11087 | D:10     | Noticed Lodul
 11150 | Lair:1   | Entered Level 1 of the Lair of Beasts
 11315 | D:9      | Reached skill level 10 in Long Blades
 12365 | Lair:2   | Found a hole to the Spider Nest.
 12404 | Lair:2   | Noticed a seven-headed hydra
 12438 | Lair:1   | Reached skill level 8 in Stealth
 12658 | Lair:2   | Killed a seven-headed hydra
 12706 | Lair:2   | Reached skill level 11 in Dodging
 12797 | Lair:2   | Noticed a four-headed hydra
 12809 | Lair:2   | Killed a four-headed hydra
 12852 | Lair:2   | Reached XP level 12. HP: 85/101 MP: 16/16
 12921 | Lair:2   | Reached skill level 11 in Long Blades
 13055 | D:7      | Killed Rudyous's ghost
 13086 | D:7      | Reached skill level 8 in Fighting
 13346 | Lair:2   | Found a staircase to the Shoals.
 13790 | Lair:2   | Reached skill level 12 in Dodging
 13859 | Lair:2   | Noticed an eight-headed hydra
 13871 | Lair:2   | Killed an eight-headed hydra
 13934 | Lair:2   | Reached skill level 1 in Evocations
 14626 | Lair:3   | Reached skill level 12 in Long Blades
 14712 | Lair:3   | Reached skill level 2 in Evocations
 16265 | Lair:5   | Entered Level 5 of the Lair of Beasts
 16381 | Lair:5   | Reached skill level 3 in Evocations
 16549 | D:9      | Gained mutation: [You are weak. (Str -2)] [potion of
                  | mutation]
 16840 | Lair:5   | Reached XP level 13. HP: 107/107 MP: 17/17
 17254 | D:5      | Bought a brightly glowing helmet for 313 gold pieces
 17254 | D:5      | Identified the +0 helmet of Kikubaaqudgha's Pride {Rampage
                  | Int+4} (You bought it in a shop on level 5 of the Dungeon)
 17507 | Lair:5   | Reached skill level 13 in Long Blades
 17517 | Lair:5   | Found a staircase to the Slime Pits.
 17558 | Lair:5   | Reached skill level 4 in Evocations
 18185 | Lair:5   | Found the +7 sceptre of Torment {pain, torment}
 18319 | Lair:5   | Reached skill level 13 in Dodging
 18319 | Lair:5   | Reached skill level 5 in Evocations
 18336 | Lair:5   | Found a one-way gate to the infinite horrors of the Abyss.
 19110 | D:10     | Noticed Snorg
 19134 | D:10     | Killed Snorg
 19339 | D:10     | Killed Lodul
 19340 | D:10     | Reached skill level 14 in Long Blades
 19626 | D:11     | Found a staircase to the Orcish Mines.
 20482 | D:12     | Noticed Fannar
 20506 | D:12     | Killed Fannar
 20820 | D:12     | Reached skill level 6 in Evocations
 21191 | Orc:1    | Entered Level 1 of the Orcish Mines
 21620 | Orc:2    | Entered Level 2 of the Orcish Mines
 21958 | Orc:1    | Found Xurph's Antique Weapon Boutique.
 21992 | Orc:1    | Found Fubauxka's Distillery.
 21996 | Orc:1    | Found Yledao's Assorted Antiques.
 22004 | Orc:1    | Bought a scroll labelled VAONET SO VUB for 25 gold pieces
 22004 | Orc:1    | Bought a metallic black potion for 22 gold pieces
 22203 | Orc:2    | Reached XP level 14. HP: 66/115 MP: 19/19
 22578 | Orc:2    | Reached skill level 15 in Long Blades
 22699 | Orc:2    | Found a staircase to the Elven Halls.
 22908 | Orc:2    | Found Buviejopt's Magic Scroll Shop.
 22908 | Orc:2    | Found Vagublah's General Store.
 22910 | Orc:2    | Found Yroitonu's Armour Shop.
 22910 | Orc:2    | Found Ucyedgh's Antique Armour Emporium.
 22932 | Orc:2    | Bought a heavily runed leather armour for 210 gold pieces
 22932 | Orc:2    | Identified the +2 leather armour of Amelioration {Will+
                  | Dex+2} (You bought it in a shop on level 2 of the Orcish
                  | Mines)
 22952 | Orc:2    | Bought a pitted leather armour for 210 gold pieces
 22952 | Orc:2    | Identified the +0 leather armour of Morality {Int+5} (You
                  | bought it in a shop on level 2 of the Orcish Mines)
 23176 | D:5      | Bought a glowing scarf for 264 gold pieces
 23176 | D:5      | Bought a glowing cloak for 247 gold pieces
 23289 | D:7      | Bought a scroll of identify for 26 gold pieces
 23364 | D:10     | Bought a scroll of identify for 30 gold pieces
 23364 | D:10     | Bought a scroll of identify for 30 gold pieces
 23364 | D:10     | Bought 2 scrolls of identify for 60 gold pieces
 23364 | D:10     | Bought a scroll of identify for 30 gold pieces
 23847 | D:13     | Noticed Kirke
 23887 | D:13     | Killed Kirke
 23888 | D:13     | Reached skill level 14 in Dodging
 24338 | D:14     | Identified a +2 robe of resistance
 24585 | D:14     | Identified a scroll of acquirement
 24628 | D:14     | Reached skill level 16 in Long Blades
 24653 | D:14     | Found a gate to the Vaults.
 24778 | D:14     | Identified the +0 chain mail of the Buccaneer {rC+}
 25170 | D:13     | Acquired a +5 demon blade of electrocution
 25340 | Spider:1 | Entered Level 1 of the Spider Nest
 25657 | Spider:1 | HP: 1/107 [disintegration (48)]
 25814 | Spider:1 | Noticed Aizul
 25842 | Spider:1 | Killed Aizul
 25907 | Spider:1 | Noticed Roxanne
 26112 | Spider:1 | Reached skill level 17 in Long Blades
 26116 | Spider:1 | Reached XP level 15. HP: 102/121 MP: 20/20
 26376 | Spider:1 | Reached skill level 15 in Dodging
 27039 | Spider:2 | Found a transporter.
 27042 | Spider:2 | Noticed Valamore's ghost (adept MiCA)
 27418 | Spider:2 | Identified the +0 ring mail "Fihogrie" {Harm}
 27648 | Spider:2 | Found a transporter.
 27758 | Spider:2 | Reached skill level 9 in Stealth
 28173 | Spider:3 | Reached skill level 9 in Fighting
 28945 | Spider:3 | Reached skill level 16 in Dodging
 29355 | Spider:4 | Entered Level 4 of the Spider Nest
 29803 | Spider:4 | Reached XP level 16. HP: 121/132 MP: 21/21
 30139 | Spider:3 | Paralysed by a jorogumo for 2 turns
 30140 | Spider:3 | Reached skill level 7 in Evocations
 30646 | Spider:4 | Reached skill level 10 in Stealth
 30755 | Spider:4 | Noticed Arachne
 31632 | Spider:3 | Killed Arachne
 31745 | Spider:4 | Noticed Asterion
 31817 | Spider:3 | Killed Asterion
 32046 | Spider:4 | Reached skill level 10 in Fighting
 32183 | Spider:4 | Got a gossamer rune of Zot
 32784 | Spider:2 | Identified the ring "Xythrirr" {rC+ Int+6}
 32791 | Spider:2 | Reached skill level 17 in Dodging
 32807 | Spider:2 | Reached skill level 18 in Long Blades
 32848 | Spider:2 | Killed Valamore's ghost
 32857 | Spider:2 | Identified the +1 hat of Dim Light {Will+ Stlth+}
 33611 | Spider:1 | Killed Roxanne
 33888 | D:5      | Bought a steaming leather armour for 231 gold pieces
 33888 | D:5      | Identified the +0 leather armour "Zehatey" {rPois rF+ rC+
                  | Int+3} (You bought it in a shop on level 5 of the Dungeon)
 33948 | D:6      | Bought a +1 pair of boots of flying for 181 gold pieces
 34568 | D:14     | Reached skill level 8 in Evocations
 34804 | D:14     | Identified the +5 mace of Vuoffosh {freeze, Int+3}
 35234 | Orc:2    | Bought a +1 buckler of protection for 297 gold pieces
 35394 | D:15     | Entered Level 15 of the Dungeon
 35448 | D:15     | Found a frozen archway.
 35458 | IceCv    | Entered an ice cave
 35596 | IceCv    | Reached skill level 11 in Stealth
 35684 | IceCv    | Reached skill level 1 in Shields
 35737 | IceCv    | Reached XP level 17. HP: 141/141 MP: 22/22
 36182 | D:15     | Reached skill level 2 in Shields
 36481 | D:15     | Found a staircase to the Depths.
 36770 | Shoals:1 | Entered Level 1 of the Shoals
 36926 | Shoals:1 | Noticed Josephine
 37021 | Shoals:1 | Killed Josephine
 37058 | Shoals:1 | Noticed Mlioglotl
 37371 | Shoals:1 | Killed Mlioglotl
 37372 | Shoals:1 | Reached skill level 9 in Evocations
 37490 | Shoals:1 | Reached skill level 11 in Fighting
 37490 | Shoals:1 | Reached skill level 3 in Shields
 37850 | Shoals:2 | Upgraded the game from 0.30-a0-757-ga6a79fd877 to
                  | 0.30-a0-760-g5a9884bb7c
 38469 | Shoals:2 | Identified the +6 plate armour of the Pit {rPois Str+2}
 39166 | Shoals:3 | Identified 2 potions of resistance
 39404 | Shoals:3 | Reached skill level 4 in Shields
 40064 | Shoals:3 | Reached skill level 12 in Stealth
 40460 | Shoals:4 | Entered Level 4 of the Shoals
 40546 | Shoals:4 | Reached skill level 18 in Dodging
 40663 | Shoals:4 | Reached skill level 5 in Shields
 40958 | Shoals:4 | Identified the +6 halberd "Batecaorph" {venom, rC+}
 41006 | Shoals:4 | Reached skill level 10 in Evocations
 41137 | Shoals:4 | Found Atha's Antique Weapon Shop.
 41416 | Shoals:4 | Reached skill level 12 in Fighting
 41416 | Shoals:4 | Reached XP level 18. HP: 91/154 MP: 23/23
 41630 | Shoals:4 | Got a barnacled rune of Zot
 42181 | Shoals:4 | Noticed Donald
 42483 | Shoals:4 | Killed Donald
 43156 | Shoals:4 | Bought a hand crossbow for 87 gold pieces
 44105 | D:9      | Acquired the +3 Mad Mage's Maulers {Infuse+∞ VampMP -Cast}
 44105 | D:9      | Found the +3 Mad Mage's Maulers {Infuse+∞ VampMP -Cast}
 44229 | Elf:1    | Entered Level 1 of the Elven Halls
 44587 | Elf:1    | You are sucked into a shaft and drop 1 floor!
 44617 | Elf:2    | Identified a +2 robe of resistance
 44617 | Elf:2    | Noticed Jorgrun
 44642 | Elf:2    | Reached skill level 11 in Evocations
 46059 | Elf:2    | Found Tony's Overcharged Wands.
 46083 | Elf:2    | Reached skill level 13 in Fighting
 46972 | Elf:2    | Reached skill level 19 in Dodging
 47104 | Elf:2    | Found a runed translucent gate.
 47105 | Elf:2    | Found a runed translucent gate.
 47105 | Elf:2    | Found a runed translucent gate.
 47616 | Elf:3    | Entered Level 3 of the Elven Halls
 47852 | Elf:3    | Reached skill level 12 in Evocations
 48180 | Elf:3    | Found Begga's Magic Scroll Shop.
 48200 | Elf:3    | Found Liapiast's Firing Range.
 48202 | Elf:3    | Identified the +3 rapier of the Thieving Pariah {flame,
                  | Will+}
 49079 | Elf:3    | Reached skill level 2 in Ranged Weapons
 49132 | Elf:3    | Reached XP level 19. HP: 113/166 MP: 2/24
 49538 | Elf:3    | Identified the +4 robe of Tender Moments {Str+2}
 49730 | Elf:3    | Reached skill level 14 in Fighting
 49730 | Elf:3    | Reached skill level 3 in Ranged Weapons
 49868 | Elf:3    | Identified the +6 mace "Beastbane" {freeze, rF+ Dex+3}
 49868 | Elf:3    | Identified the ring of Lyivater {*Corrode rN+ Str+4 Stlth+}
 50071 | Elf:3    | Found the +8 longbow "Zephyr" {speed, Dex+3 SInv}
 50089 | Elf:3    | Got the Folio of Evolved Pyromancy
 50490 | Elf:3    | Found the +18 shield of the Gong {Loud rN+ Will+ rCorr
                  | EV-5}
 50493 | Elf:3    | Identified the +1 longbow "Bim Noduum" {freeze, rF+ Str+2
                  | Stlth-}
 50506 | Elf:3    | Noticed a Brimstone Fiend
 50607 | Elf:3    | Identified the amulet "Giwueqio" {rElec Will- Regen+ rCorr
                  | Int+7}
 50615 | Elf:3    | Identified the +4 falchion of the Rescuing Gods {freeze,
                  | Int+3}
 51834 | Elf:2    | Killed Jorgrun
 52974 | Vaults:1 | Entered Level 1 of the Vaults
 53638 | Vaults:1 | Reached skill level 4 in Ranged Weapons
 54838 | Vaults:1 | Identified the +3 plate armour of the Land of Plenty
                  | {rPois}
 55161 | Elf:3    | Bought a manual of Ranged Weapons for 1360 gold pieces
 56076 | Vaults:1 | Reached skill level 5 in Ranged Weapons
 57172 | Vaults:2 | Reached skill level 6 in Ranged Weapons
 57324 | Vaults:2 | Reached skill level 13 in Stealth
 57699 | Vaults:2 | Reached skill level 7 in Ranged Weapons
 57873 | Vaults:2 | Identified a potion of experience
 58025 | Vaults:2 | Reached skill level 9 in Ranged Weapons
 58025 | Vaults:2 | Reached XP level 20. HP: 177/177 MP: 25/25
 58456 | Vaults:2 | Reached skill level 13 in Evocations
 58458 | Vaults:2 | Reached XP level 21. HP: 183/183 MP: 26/26
 58469 | Vaults:2 | Reached skill level 15 in Fighting
 58469 | Vaults:2 | Reached skill level 10 in Ranged Weapons
 58687 | Vaults:2 | Found Fuecwed's General Store.
 58789 | Vaults:1 | Reached skill level 11 in Ranged Weapons
 59186 | Vaults:2 | Bought a potion of curing for 45 gold pieces
 59439 | Vaults:2 | Reached skill level 12 in Ranged Weapons
 59651 | Vaults:2 | Noticed an ancient lich
 59670 | Vaults:2 | Killed an ancient lich
 60383 | Vaults:2 | Reached skill level 13 in Ranged Weapons
 61529 | Vaults:2 | Reached skill level 19 in Long Blades
 62988 | Vaults:3 | Found a staircase to the Crypt.
 62994 | Vaults:3 | Reached skill level 14 in Ranged Weapons
 65001 | Vaults:3 | Reached skill level 20 in Dodging
 65928 | Vaults:4 | Noticed Boris
 65942 | Vaults:4 | Killed Boris
 65954 | Vaults:4 | Reached skill level 15 in Ranged Weapons
 67453 | Vaults:4 | Found Nyrec Ymirgh's Weapon Boutique.
 67690 | Vaults:4 | Reached XP level 22. HP: 192/192 MP: 11/27
 68531 | Crypt:1  | Entered Level 1 of the Crypt
 68570 | Crypt:1  | Found a magical portal.
 68584 | WizLab   | Entered Alistair's Party Mansion
 69161 | WizLab   | Reached skill level 16 in Ranged Weapons
 69932 | WizLab   | Learned a level 1 spell: Apportation
 70118 | WizLab   | Reached XP level 23. HP: 199/199 MP: 7/28
 70800 | Crypt:1  | Noticed a curse skull
 70801 | Crypt:1  | Killed a curse skull
 71038 | Crypt:1  | Noticed a curse skull
 71049 | Vaults:3 | Reached skill level 1 in Translocations
 71299 | Crypt:1  | Killed a curse skull
 72660 | Crypt:1  | Reached skill level 17 in Ranged Weapons
 72866 | Crypt:1  | Reached skill level 2 in Translocations
 72870 | Crypt:1  | Reached skill level 20 in Long Blades
 73435 | Crypt:2  | Noticed Margery
 73577 | Crypt:2  | Killed Margery
 74458 | Crypt:2  | Reached skill level 3 in Translocations
 74625 | Crypt:2  | HP: 20/200 [death yak skeleton (11)]
 75137 | Crypt:2  | Noticed Saint Roka
 75551 | Crypt:2  | Killed Saint Roka
 75967 | Crypt:2  | Noticed Boris
 75983 | Crypt:2  | Killed Boris
 75984 | Crypt:2  | Noticed a curse skull
 76107 | Crypt:2  | Killed a curse skull
 76522 | Crypt:2  | Reached skill level 4 in Translocations
 77669 | Crypt:2  | Found a runed translucent gate.
 77669 | Crypt:2  | Found a runed translucent gate.
 77669 | Crypt:2  | Found a runed translucent gate.
 77670 | Crypt:2  | Noticed Luix's ghost (veteran MiGl)
 77670 | Crypt:2  | Noticed Rakupo Megg's ghost (veteran GrEE)
 77670 | Crypt:2  | Noticed Luix's ghost (veteran MiGl)
 77670 | Crypt:2  | Noticed Hyrrirob's ghost (veteran GrEE)
 77919 | Crypt:3  | Entered Level 3 of the Crypt
 78112 | Crypt:3  | Noticed Zenata
 78117 | Crypt:3  | Killed Zenata
 78606 | Crypt:3  | Reached skill level 16 in Fighting
 78921 | Crypt:3  | Reached skill level 18 in Ranged Weapons
 79794 | Crypt:3  | Found a staircase to the Tomb.
 80148 | Crypt:3  | Noticed a curse skull
 80156 | Crypt:3  | Killed a curse skull
 81690 | Crypt:3  | Noticed an ancient lich
 81690 | Crypt:3  | Noticed a dread lich
 81691 | Crypt:3  | Noticed an ancient lich
 82138 | Crypt:3  | Killed an ancient lich
 82139 | Crypt:3  | Reached XP level 24. HP: 210/210 MP: 2/28
 82427 | Crypt:3  | Killed a dread lich
 82435 | Crypt:3  | Killed an ancient lich
 82601 | Crypt:3  | Identified the ring "Pook" {Contam Fly rN++ Dex+4}
 83063 | Crypt:2  | Killed Luix's ghost
 83073 | Crypt:2  | Killed Rakupo Megg's ghost
 83101 | Crypt:2  | Killed Luix's ghost
 83113 | Crypt:2  | Identified the +1 pair of boots "Xyfugip" {Harm +Blink rC+
                  | Dex+4}
 83348 | Crypt:2  | Killed Hyrrirob's ghost
 83603 | D:14     | Learned a level 3 spell: Vhi's Electric Charge
 83607 | D:14     | Learned a level 3 spell: Portal Projectile
 83679 | Depths:1 | Entered Level 1 of the Depths
 83918 | Depths:1 | Noticed Boris
 83956 | Depths:1 | Killed Boris
 84666 | Depths:1 | Found a gateway to Hell.
 84782 | Depths:1 | Noticed Mara
 84799 | Depths:1 | Killed Mara
 84800 | Depths:1 | Reached skill level 19 in Ranged Weapons
 84939 | Depths:1 | Identified the +2 chain mail of Devotion {rElec rC- Stlth+}
 85320 | Depths:2 | Found a one-way gate leading to the halls of Pandemonium.
 85544 | Depths:2 | Gained mutation: Your flesh is cold resistant. (rC+) [a
                  | neqoxec]
 85560 | Depths:2 | Gained mutation: You do not regenerate when monsters are
                  | visible. [a neqoxec]
 86314 | Depths:2 | Found a transporter.
 86480 | Depths:2 | Found a transporter.
 86794 | Depths:2 | Reached skill level 21 in Long Blades
 87426 | Depths:2 | Identified the +2 robe of Satisfaction {MP-9 Dex+5}
 87861 | Depths:2 | Found a transporter.
 88001 | Depths:2 | Found a transporter.
 88297 | Depths:3 | Reached skill level 17 in Fighting
 88998 | Depths:3 | Identified the +1 robe of Anaesthesia {rPois rCorr}
 90719 | Depths:4 | Entered Level 4 of the Depths
 90721 | Depths:4 | Found a one-way gateway to a ziggurat.
 90749 | Depths:3 | Reached skill level 20 in Ranged Weapons
 90894 | Depths:4 | Found Sefuh's Antique Weapon Shop.
 90895 | Depths:4 | Noticed Sojobo
 91045 | Depths:4 | Killed Sojobo
 92442 | Depths:4 | Reached XP level 25. HP: 223/223 MP: 7/28
 92597 | Depths:4 | Noticed Boris
 92613 | Depths:4 | Killed Boris
 92912 | Depths:4 | Gained mutation: You are frail. (-10% HP) [mutagenic glow]
 92938 | Depths:4 | Gained mutation: Your body sometimes deteriorates upon
                  | taking damage. [mutagenic glow]
 93544 | Depths:4 | Found a gate to the Realm of Zot.
 94317 | Depths:4 | Lost mutation: You do not regenerate when monsters are
                  | visible. [potion of mutation]
 94317 | Depths:4 | Lost mutation: [You are weak. (Str -2)] [potion of
                  | mutation]
 94317 | Depths:4 | Gained mutation: Your muscles are strong. (Str +4, Int/Dex
                  | -1) [potion of mutation]
 94317 | Depths:4 | Gained mutation: Your spells are a little harder to cast,
                  | but a little more powerful. [potion of mutation]
 94318 | Depths:4 | Lost mutation: Your flesh is cold resistant. (rC+) [potion
                  | of mutation]
 94318 | Depths:4 | Lost mutation: Your muscles are strong. (Str +4, Int/Dex
                  | -1) [potion of mutation]
 94318 | Depths:4 | Lost mutation: Your spells are a little harder to cast, but
                  | a little more powerful. [potion of mutation]
 94318 | Depths:4 | Gained mutation: You occasionally lose the ability to drink
                  | potions when taking damage. [potion of mutation]
 94318 | Depths:4 | Gained mutation: Your muscles are strong. (Str +4, Int/Dex
                  | -1) [potion of mutation]
 94318 | Depths:4 | Gained mutation: You have hidden genetic defects. [potion
                  | of mutation]
 94319 | Depths:4 | Lost mutation: You have hidden genetic defects. [potion of
                  | mutation]
 94319 | Depths:4 | Lost mutation: Your muscles are strong. (Str +4, Int/Dex
                  | -1) [potion of mutation]
 94319 | Depths:4 | Gained mutation: Your flesh is cold resistant. (rC+)
                  | [potion of mutation]
 94319 | Depths:4 | Lost mutation: You are frail. (-10% HP) [potion of
                  | mutation]
 94661 | Slime:1  | Entered Level 1 of the Pits of Slime
 94726 | Slime:2  | Reached skill level 1 in Air Magic
 94820 | Slime:2  | Reached skill level 3 in Hexes
 94841 | Slime:2  | Reached skill level 2 in Air Magic
 95179 | Slime:1  | Reached skill level 3 in Air Magic
 95200 | Slime:2  | Reached skill level 2 in Spellcasting
 95202 | Slime:2  | Reached skill level 21 in Ranged Weapons
 95656 | Slime:1  | Reached skill level 18 in Fighting
 96266 | Slime:2  | Gained mutation: You are dopey. (Int -2) [a shining eye]
 96874 | Slime:3  | Reached skill level 5 in Translocations
 97029 | Slime:4  | Reached skill level 3 in Spellcasting
 97684 | Slime:5  | Entered Level 5 of the Pits of Slime
 97858 | Slime:5  | Noticed the Royal Jelly
 98164 | Slime:4  | Reached skill level 4 in Spellcasting
 98567 | Slime:5  | Reached skill level 22 in Long Blades
 99425 | Slime:4  | Lost mutation: Your flesh is cold resistant. (rC+) [potion
                  | of mutation]
 99425 | Slime:4  | Lost mutation: You occasionally lose the ability to drink
                  | potions when taking damage. [potion of mutation]
 99425 | Slime:4  | Gained mutation: You are clumsy. (Dex -2) [potion of
                  | mutation]
 99425 | Slime:4  | Gained mutation: You have hidden genetic potential. [potion
                  | of mutation]
 99425 | Slime:4  | Gained mutation: Your system is resistant to poisons.
                  | (rPois) [potion of mutation]
 99425 | Slime:4  | Lost mutation: You are clumsy. (Dex -2) [potion of
                  | mutation]
 99839 | Slime:5  | Killed the Royal Jelly
 99851 | Slime:5  | HP: 16/224 [rockslime[the Royal Jelly] (31)]
100146 | Slime:5  | Got the Tome of Rancid Position
100150 | Slime:5  | Got the Meditations on the Barrage
100180 | Slime:5  | Got a slimy rune of Zot
100205 | Slime:5  | Identified the +0 plate armour of Baldness {rF+ Str-3
                  | Dex+8}
100220 | Slime:5  | Learned a level 4 spell: Manifold Assault
100271 | Slime:5  | Reached skill level 6 in Translocations
100287 | Slime:5  | Reached skill level 5 in Spellcasting
100801 | D:14     | Acquired the amulet "Etowyred" {rPois rC+ Regen+ Str+3}
101287 | Zot:1    | Entered Level 1 of the Realm of Zot
101350 | Zot:1    | Noticed an orb of fire
101515 | Zot:1    | Killed an orb of fire
101527 | Zot:1    | Reached skill level 7 in Translocations
102209 | Zot:2    | Found a transporter.
102212 | Zot:2    | Noticed a curse toe
102219 | Zot:2    | Found the +0 pair of fencer's gloves {Riposte Dex+3}
102220 | Zot:2    | Found a transporter.
102237 | Zot:2    | Reached skill level 8 in Translocations
102406 | Zot:2    | Reached skill level 6 in Spellcasting
102702 | Zot:2    | Reached XP level 26. HP: 234/234 MP: 37/37
103189 | Zot:2    | Killed a curse toe
103190 | Zot:2    | Reached skill level 9 in Translocations
103278 | Zot:2    | Learned a level 2 spell: Blink
103281 | Zot:2    | Learned a level 2 spell: Lesser Beckoning
103302 | Zot:2    | Identified the amulet "Ebang" {RegenMP rElec rPois Will++
                  | Dex-3}
104000 | Zot:3    | Found a runed translucent gate.
104000 | Zot:3    | Found a runed translucent gate.
104001 | Zot:3    | Found a runed translucent gate.
104003 | Zot:3    | Noticed an electric golem
104003 | Zot:3    | Noticed an electric golem
104005 | Zot:3    | Noticed Vyqe's ghost (master MfIE)
104008 | Zot:3    | Gained mutation: Your body often deteriorates upon taking
                  | damage. [mutagenic glow]
104020 | Zot:3    | Gained mutation: You are very dopey. (Int -4) [mutagenic
                  | glow]
104037 | Zot:3    | Gained mutation: You are clumsy. (Dex -2) [mutagenic glow]
104124 | Zot:3    | Noticed Vv
104143 | Zot:3    | Killed Vv
104438 | Zot:3    | Reached skill level 7 in Spellcasting
104665 | Zot:3    | Reached skill level 10 in Translocations
104674 | Zot:3    | Reached skill level 19 in Fighting
104723 | Zot:3    | Got the Almanac of Calefaction
104739 | Zot:3    | Identified the +2 shortbow "Cishrulap" {drain, rF+ MP+9}
104990 | Zot:3    | Identified the amulet of Hoab Har {Regen+ Int+2 SInv}
105596 | Zot:3    | Killed an electric golem
105614 | Zot:3    | Killed Vyqe's ghost
105647 | Zot:3    | Reached skill level 22 in Ranged Weapons
105750 | Zot:3    | Killed an electric golem
105751 | Zot:3    | Reached skill level 8 in Spellcasting
105806 | Zot:3    | Identified the +1 cloak "Zagreqat" {Rampage Str+3 Dex-5
                  | Stlth+}
106169 | Zot:4    | Noticed a dread lich
106181 | Zot:4    | Found a runed translucent door.
106181 | Zot:4    | Noticed Dawneret's ghost (master GnFi)
106217 | Zot:4    | Gained mutation: You have sharp fingernails. [hidden
                  | potential]
106452 | Zot:4    | Reached skill level 9 in Spellcasting
106560 | Zot:4    | Identified the +0 cloak of the Demon Prince {-Tele rPois
                  | rC+}
106585 | Zot:4    | Identified the amulet "Coicitut" {RegenMP Regen+ rCorr}
106589 | Zot:4    | Found a transporter.
106592 | Zot:4    | Found a transporter.
106601 | Zot:4    | Noticed an ancient lich
106721 | Zot:4    | Noticed a curse toe
107272 | Zot:4    | Killed Dawneret's ghost
108193 | Vaults:5 | Entered Level 5 of the Vaults
108288 | Vaults:5 | Reached skill level 14 in Stealth
108547 | Vaults:5 | Identified a +1 robe of resistance
108582 | Vaults:5 | Learned a level 4 spell: Passage of Golubria
108681 | Vaults:5 | Reached XP level 27. HP: 221/245 MP: 42/42
108783 | Vaults:5 | Reached skill level 10 in Spellcasting
108839 | Vaults:5 | Found Fudezxebb's Antique Weapon Shop.
109016 | Vaults:5 | Reached skill level 14 in Evocations
109030 | Vaults:5 | Noticed an ancient lich
109038 | Vaults:5 | Killed an ancient lich
109081 | Vaults:5 | Noticed a dread lich
109088 | Vaults:5 | Killed a dread lich
109147 | Vaults:5 | Got a silver rune of Zot
109308 | Vaults:5 | Identified the amulet of Buupsat {Reflect Fragile Fly Int+4
                  | SH+5}
110666 | Orc:2    | Bought a scroll of acquirement for 832 gold pieces
110666 | Orc:2    | Bought a scroll of acquirement for 832 gold pieces
110668 | Orc:2    | Acquired a +6 ring of dexterity
110759 | D:11     | Acquired a ring of wizardry
111168 | Zot:5    | Entered Level 5 of the Realm of Zot
111427 | Zot:5    | Reached skill level 20 in Fighting
111536 | Zot:5    | Reached skill level 21 in Dodging
111548 | Zot:5    | Noticed a curse toe
111553 | Zot:5    | Noticed an orb of fire
111557 | Zot:5    | Noticed an orb of fire
111561 | Zot:5    | Lost mutation: You have hidden genetic potential. [an orb
                  | of fire]
111563 | Zot:5    | Noticed an orb of fire
111566 | Zot:5    | Gained mutation: You are partially covered in iridescent
                  | scales. (AC +2) [an orb of fire]
111567 | Zot:5    | Killed an orb of fire
111568 | Zot:5    | Noticed an ancient lich
111574 | Zot:5    | Killed an orb of fire
111579 | Zot:5    | Noticed an orb of fire
111580 | Zot:5    | Killed an orb of fire
111586 | Zot:5    | Noticed a dread lich
111590 | Zot:5    | Killed an orb of fire
111591 | Zot:5    | Noticed an ancient lich
111599 | Zot:5    | Killed a dread lich
111601 | Zot:5    | Killed an ancient lich
111631 | Zot:5    | Killed an ancient lich
111632 | Zot:5    | Reached skill level 15 in Stealth
111634 | Zot:5    | Killed a curse toe
111643 | Zot:5    | Reached skill level 11 in Spellcasting
112122 | Zot:5    | Noticed a dread lich
112127 | Zot:5    | Killed a dread lich
112172 | Zot:5    | Reached skill level 15 in Evocations
112389 | Zot:5    | Noticed an electric golem
112405 | Zot:5    | Killed an electric golem
112433 | Zot:5    | Noticed an electric golem
112438 | Zot:5    | Killed an electric golem
112439 | Zot:5    | Reached skill level 22 in Dodging
112725 | Zot:5    | Learned a level 5 spell: Summon Forest
112729 | Zot:5    | Learned a level 3 spell: Swiftness
112870 | Hell     | Entered the Vestibule of Hell
112870 | Hell     | Noticed Geryon
112875 | Hell     | Killed Geryon
112886 | Hell     | Reached skill level 1 in Summonings
113210 | Depths:1 | Reached skill level 2 in Summonings
113354 | Hell     | Reached skill level 4 in Air Magic
113619 | Depths:1 | Reached skill level 3 in Summonings
113714 | Depths:1 | Reached skill level 5 in Air Magic
113749 | Hell     | Reached skill level 4 in Summonings
113913 | Depths:1 | Reached skill level 5 in Summonings
113916 | Depths:1 | Reached skill level 12 in Spellcasting
114115 | Hell     | Found a gateway to the ashen valley of Gehenna.
114159 | Hell     | Found a gateway to the decaying netherworld of Tartarus.
114230 | Hell     | Found a gateway to the Iron City of Dis.
114306 | Hell     | Found a gateway to the freezing wastes of Cocytus.
115008 | Depths:3 | Voluntarily entered the Abyss.
115266 | Abyss:1  | Reached skill level 6 in Summonings
115513 | Abyss:1  | Reached skill level 21 in Fighting
115583 | Abyss:1  | Reached skill level 7 in Summonings
116057 | Abyss:1  | Reached skill level 8 in Summonings
116833 | Abyss:1  | Reached skill level 9 in Summonings
116844 | Abyss:1  | Learned a level 7 spell: Malign Gateway
117399 | Abyss:1  | Reached skill level 13 in Spellcasting
117768 | Abyss:1  | Reached skill level 10 in Summonings
118048 | Abyss:1  | Noticed a dread lich
118061 | Abyss:1  | Killed a dread lich
118753 | Abyss:1  | Reached skill level 11 in Summonings
118794 | Abyss:1  | Reached skill level 11 in Translocations
120275 | Abyss:1  | Reached skill level 12 in Summonings
120356 | Abyss:1  | Reached skill level 12 in Translocations
121050 | Abyss:1  | Reached skill level 22 in Fighting
121523 | Abyss:1  | Reached skill level 14 in Spellcasting
121804 | Depths:3 | You pass through the gate.
121804 | Depths:3 | Escaped the Abyss
121807 | Depths:3 | Upgraded the game from 0.30-a0-760-g5a9884bb7c to
                  | 0.30-a0-772-g5528072125
121809 | Depths:3 | Voluntarily entered the Abyss.
122094 | Abyss:2  | Reached skill level 13 in Summonings
122106 | Abyss:2  | Reached skill level 13 in Translocations
122884 | Abyss:2  | Noticed an ancient lich
123299 | Abyss:3  | Reached skill level 14 in Summonings
123299 | Abyss:3  | Reached skill level 14 in Translocations
123420 | Abyss:3  | Got an abyssal rune of Zot
123422 | Abyss:3  | Noticed a dread lich
123517 | Abyss:3  | Killed a dread lich
123653 | Abyss:3  | Killed an ancient lich
124252 | Abyss:3  | Reached skill level 15 in Summonings
124259 | Abyss:3  | Reached skill level 15 in Translocations
124413 | Abyss:3  | Reached skill level 15 in Spellcasting
124656 | Abyss:3  | Gained mutation: You occasionally shout uncontrollably at
                  | your foes. [a neqoxec]
124659 | Abyss:3  | Gained mutation: Armour fits poorly on your strangely
                  | shaped body. [a neqoxec]
124765 | Abyss:3  | Reached skill level 16 in Summonings
125183 | Abyss:3  | Reached skill level 17 in Summonings
125440 | Abyss:3  | Learned a level 8 spell: Summon Horrible Things
125477 | Abyss:3  | Noticed an ancient lich
125484 | Abyss:3  | Killed an ancient lich
125664 | Abyss:4  | Reached skill level 18 in Summonings
125667 | Depths:3 | You pass through the gate.
125667 | Depths:3 | Escaped the Abyss
125670 | Depths:3 | Lost mutation: You have sharp fingernails. [potion of
                  | mutation]
125670 | Depths:3 | Lost mutation: Your system is resistant to poisons. (rPois)
                  | [potion of mutation]
125670 | Depths:3 | Lost mutation: You are very dopey. (Int -4) [potion of
                  | mutation]
125670 | Depths:3 | Gained mutation: You do not regenerate when monsters are
                  | visible. [potion of mutation]
125671 | Depths:3 | Lost mutation: You are dopey. (Int -2) [potion of mutation]
125671 | Depths:3 | Lost mutation: You occasionally shout uncontrollably at
                  | your foes. [potion of mutation]
125671 | Depths:3 | Lost mutation: Your body often deteriorates upon taking
                  | damage. [potion of mutation]
125672 | Depths:3 | Lost mutation: Armour fits poorly on your strangely shaped
                  | body. [potion of mutation]
125672 | Depths:3 | Lost mutation: You are clumsy. (Dex -2) [potion of
                  | mutation]
125672 | Depths:3 | Gained mutation: You have a pair of small antennae on your
                  | head. [potion of mutation]
125672 | Depths:3 | Gained mutation: [You are weak. (Str -2)] [potion of
                  | mutation]
125672 | Depths:3 | Gained mutation: Your spells are a little easier to cast,
                  | but a little less powerful. [potion of mutation]
125672 | Depths:3 | Gained mutation: Your mind is acute. (Int +4, Str/Dex -1)
                  | [potion of mutation]
125673 | Depths:3 | Lost mutation: [You are weak. (Str -2)] [potion of
                  | mutation]
125673 | Depths:3 | Lost mutation: You have a pair of small antennae on your
                  | head. [potion of mutation]
125673 | Depths:3 | Gained mutation: You passively map a small area around you.
                  | [potion of mutation]
125673 | Depths:3 | Gained mutation: You have a considerably increased
                  | reservoir of magic. (+20% MP) [potion of mutation]
125673 | Depths:3 | Gained mutation: Your skin changes colour to match your
                  | surroundings (Stealth+). [potion of mutation]
125674 | Depths:3 | Lost mutation: You passively map a small area around you.
                  | [potion of mutation]
125674 | Depths:3 | Lost mutation: You are partially covered in iridescent
                  | scales. (AC +2) [potion of mutation]
125674 | Depths:3 | Gained mutation: You have sharp fingernails. [potion of
                  | mutation]
125675 | Depths:3 | Lost mutation: You have sharp fingernails. [potion of
                  | mutation]
125675 | Depths:3 | Lost mutation: You do not regenerate when monsters are
                  | visible. [potion of mutation]
125675 | Depths:3 | Gained mutation: You have a pair of small horns on your
                  | head. [potion of mutation]
125675 | Depths:3 | Gained mutation: You have hidden genetic defects. [potion
                  | of mutation]
125675 | Depths:3 | Gained mutation: Your mind is very acute. (Int +8, Str/Dex
                  | -2) [potion of mutation]
125676 | Depths:3 | Lost mutation: Your mind is very acute. (Int +8, Str/Dex
                  | -2) [potion of mutation]
125676 | Depths:3 | Lost mutation: Your body sometimes deteriorates upon taking
                  | damage. [potion of mutation]
125676 | Depths:3 | Gained mutation: You have terrible hidden genetic defects.
                  | [potion of mutation]
125676 | Depths:3 | Lost mutation: Your spells are a little easier to cast, but
                  | a little less powerful. [potion of mutation]
125676 | Depths:3 | Gained mutation: You occasionally lose the ability to drink
                  | potions when taking damage. [potion of mutation]
125676 | Depths:3 | Gained mutation: You possess an exceptional clarity of
                  | mind. [potion of mutation]
125677 | Depths:3 | Lost mutation: You possess an exceptional clarity of mind.
                  | [potion of mutation]
125677 | Depths:3 | Lost mutation: Your skin changes colour to match your
                  | surroundings (Stealth+). [potion of mutation]
125678 | Depths:3 | Lost mutation: You have terrible hidden genetic defects.
                  | [potion of mutation]
125678 | Depths:3 | Lost mutation: Your mind is acute. (Int +4, Str/Dex -1)
                  | [potion of mutation]
125678 | Depths:3 | Lost mutation: You have a considerably increased reservoir
                  | of magic. (+20% MP) [potion of mutation]
125678 | Depths:3 | Gained mutation: Your flesh is cold resistant. (rC+)
                  | [potion of mutation]
125678 | Depths:3 | Gained mutation: Your system is resistant to poisons.
                  | (rPois) [potion of mutation]
125679 | Depths:3 | Lost mutation: You occasionally lose the ability to drink
                  | potions when taking damage. [potion of mutation]
125679 | Depths:3 | Lost mutation: Your flesh is cold resistant. (rC+) [potion
                  | of mutation]
125679 | Depths:3 | Gained mutation: You possess an exceptional clarity of
                  | mind. [potion of mutation]
125679 | Depths:3 | Gained mutation: You are resistant to electric shocks.
                  | (rElec) [potion of mutation]
125679 | Depths:3 | Gained mutation: You are partially covered in iridescent
                  | scales. (AC +2) [potion of mutation]
125953 | D:5      | Bought a +1 hat of intelligence for 208 gold pieces
126859 | D:6      | Bought a book of the Dragon for 460 gold pieces
127264 | Pan      | Entered Pandemonium
127456 | Pan      | Noticed Mennas
127470 | Pan      | Killed Mennas
127683 | Pan      | Noticed Wuim the pandemonium lord
127697 | Pan      | Killed Wuim the pandemonium lord
127720 | Pan      | Identified the +1 robe of the Quahog {rF- rN+ Regen+}
128131 | Pan      | Reached skill level 19 in Summonings
128253 | Depths:2 | You pass through the gate.
128253 | Depths:2 | Escaped Pandemonium
128264 | Pan      | Entered Pandemonium
128701 | Pan      | Gained mutation: You occasionally lose the ability to drink
                  | potions when taking damage. [hidden defects]
128722 | Pan      | Noticed Qyruvoni the pandemonium lord
128732 | Pan      | Killed Qyruvoni the pandemonium lord
129003 | Pan      | Found an exit through the horrors of the Abyss.
129154 | Pan      | Reached skill level 20 in Summonings
129343 | Pan      | Noticed Xampur the pandemonium lord
129359 | Pan      | Killed Xampur the pandemonium lord
129549 | Pan      | Gained mutation: You are dopey. (Int -2) [a neqoxec]
129888 | Pan      | Entered the realm of Gloorx Vloq.
130761 | Pan      | Reached skill level 1 in Armour
130876 | Pan      | Noticed a curse skull
130878 | Pan      | Killed a curse skull
130910 | Pan      | Reached skill level 21 in Summonings
131021 | Pan      | Reached skill level 2 in Armour
131048 | Pan      | Noticed Gloorx Vloq
131061 | Pan      | Killed Gloorx Vloq
131078 | Pan      | Got a dark rune of Zot
131078 | Pan      | Gained mutation: You are very dopey. (Int -4) [hidden
                  | defects]
131078 | Pan      | Lost mutation: You have hidden genetic defects. [hidden
                  | defects expressed]
131170 | Pan      | Noticed a curse skull
131173 | Pan      | Killed a curse skull
131549 | Pan      | Noticed Jaskoir the pandemonium lord
131556 | Pan      | Killed Jaskoir the pandemonium lord
131561 | Pan      | Reached skill level 3 in Armour
132082 | Depths:2 | You pass through the gate.
132082 | Depths:2 | Escaped Pandemonium
132089 | Depths:2 | Acquired 713 gold pieces
132102 | Depths:2 | Learned a level 9 spell: Dragon's Call
132109 | Pan      | Entered Pandemonium
132406 | Pan      | Reached skill level 4 in Armour
132406 | Pan      | Reached skill level 16 in Spellcasting
132570 | Pan      | Noticed Pavop the pandemonium lord
132653 | Pan      | Killed Pavop the pandemonium lord
133396 | Pan      | Found a runed translucent door.
133759 | Pan      | Got a demonic rune of Zot
133770 | Pan      | Entered the realm of Mnoleg.
133877 | Pan      | Found an exit through the horrors of the Abyss.
133951 | Pan      | Gained mutation: Armour fits poorly on your strangely
                  | shaped body. [a neqoxec]
133998 | Pan      | Reached skill level 5 in Armour
134510 | Pan      | Reached skill level 16 in Stealth
134637 | Pan      | Reached skill level 22 in Summonings
134767 | Pan      | Reached skill level 16 in Evocations
134767 | Pan      | Gained mutation: You occasionally lose the ability to read
                  | scrolls when taking damage. [a cacodemon]
135050 | Pan      | Noticed Mnoleg
135063 | Pan      | Killed Mnoleg
135206 | Pan      | Got a glowing rune of Zot
135221 | Pan      | Identified the +7 whip of the Stopping Spider {heavy, Will+
                  | Str-5 Dex+6}
135246 | Pan      | Lost mutation: You possess an exceptional clarity of mind.
                  | [a neqoxec]
135249 | Pan      | Gained mutation: Your body sometimes deteriorates upon
                  | taking damage. [a neqoxec]
135338 | Pan      | Gained mutation: [You are weak. (Str -2)] [a cacodemon]
135405 | Pan      | Identified the +5 mace "Deugacann" {venom, Int-2 Dex+7
                  | Stlth+}
135596 | Depths:2 | You pass through the gate.
135596 | Depths:2 | Escaped Pandemonium
135597 | Depths:2 | Lost mutation: You occasionally lose the ability to read
                  | scrolls when taking damage. [potion of mutation]
135597 | Depths:2 | Lost mutation: Your body sometimes deteriorates upon taking
                  | damage. [potion of mutation]
135597 | Depths:2 | Lost mutation: You are very dopey. (Int -4) [potion of
                  | mutation]
135597 | Depths:2 | Gained mutation: You are mostly covered in iridescent
                  | scales. (AC +4) [potion of mutation]
135602 | Pan      | Entered the realm of Cerebov.
135602 | Pan      | Entered Pandemonium
135622 | Pan      | Found an exit through the horrors of the Abyss.
136259 | Pan      | Found the +6 sword of Cerebov {flame}
136259 | Pan      | Noticed Cerebov
136293 | Pan      | Killed Cerebov
136294 | Pan      | Identified the +7 battleaxe of Xoiphijo {freeze, rF+ rN++
                  | Dex+3}
136497 | Pan      | Identified the +6 battleaxe "Veudeb" {holy, Fly rPois rF+}
136504 | Pan      | Identified the +1 cloak of Gozag, Building {Dex+3}
136534 | Pan      | Identified the +7 plate armour of Grot {+Inv}
136555 | Pan      | Identified the +2 helmet of the Bull {Will- Str+5}
136565 | Pan      | Got Pothra's Vellum of Percussion
136604 | Pan      | Identified the +1 ring mail "Led Fuif" {rElec Will+}
136614 | Pan      | Identified the +11 battleaxe of Wyhime {speed, Int+3}
136617 | Pan      | Identified the amulet of Cait {Acrobat *Corrode Str+8}
136621 | Pan      | Identified the +0 robe of Lethargy {Str+3 Dex+3}
136622 | Pan      | Identified the +4 short sword "Daogakis" {freeze, Fragile
                  | rElec rCorr}
136624 | Pan      | Identified the ring "Xuoka" {rN+ Will+ Str+4}
136641 | Pan      | Identified the +1 pair of gloves "Hunku" {rElec rC+ Str+3}
136652 | Pan      | Got a fiery rune of Zot
137117 | Pan      | Reached skill level 17 in Stealth
137153 | Pan      | Reached skill level 17 in Spellcasting
137494 | Pan      | Found an exit through the horrors of the Abyss.
137994 | Depths:2 | You pass through the gate.
137994 | Depths:2 | Escaped Pandemonium
138041 | Pan      | Entered the realm of Lom Lobon.
138041 | Pan      | Entered Pandemonium
138417 | Pan      | Found an exit through the horrors of the Abyss.
138643 | Pan      | Reached skill level 17 in Evocations
138856 | Pan      | Noticed Lom Lobon
138872 | Pan      | Identified the +0 chain mail "Dofikh" {rC+ Will+}
138881 | Pan      | Killed Lom Lobon
138893 | Pan      | Got a magical rune of Zot
139121 | Pan      | Found an exit through the horrors of the Abyss.
139496 | Pan      | Noticed Waqosica the pandemonium lord
139511 | Pan      | Killed Waqosica the pandemonium lord
139532 | Pan      | Reached skill level 23 in Summonings
140416 | Pan      | Identified the +1 leather armour of Resourcefulness
                  | {Rampage Int+3 Stlth+}
140564 | Pan      | Found a runed translucent door.
140568 | Pan      | Got the Secrets of Soot and the Brume
140624 | Pan      | Found a runed translucent door.
140850 | Pan      | Learned a level 4 spell: Animate Dead
140955 | Pan      | Found a runed translucent door.
140986 | Pan      | Found a runed translucent door.
141142 | Pan      | Reached skill level 1 in Necromancy
141440 | Pan      | Noticed Udaabeitz the pandemonium lord
141443 | Pan      | Killed Udaabeitz the pandemonium lord
141444 | Pan      | Reached skill level 2 in Necromancy
141559 | Pan      | Noticed Buitos the pandemonium lord
141572 | Pan      | Killed Buitos the pandemonium lord
141584 | Pan      | Reached skill level 3 in Necromancy
141618 | Pan      | Identified the +10 plate armour of Tyfum {rF- rC+ Regen+
                  | Dex+3}
141945 | Pan      | Found an exit through the horrors of the Abyss.
142198 | Pan      | Reached skill level 4 in Necromancy
142349 | Pan      | Reached skill level 18 in Stealth
142526 | Depths:2 | You pass through the gate.
142526 | Depths:2 | Escaped Pandemonium
142760 | D:5      | Bought the dreamshard necklace {*Dream Drain} for 4800 gold
                  | pieces
142760 | D:5      | Found the dreamshard necklace {*Dream Drain}
143491 | Zot:4    | Killed a dread lich
143505 | Zot:4    | Killed a curse toe
143506 | Zot:4    | Reached skill level 5 in Necromancy
143906 | Zot:4    | Killed an ancient lich
144013 | Zot:4    | Upgraded the game from 0.30-a0-772-g5528072125 to
                  | 0.30-a0-777-ga9a30cbeda
146279 | Zig:1    | Entered Level 1 of a ziggurat
146336 | Zig:2    | Entered Level 2 of a ziggurat
146363 | Zig:3    | Entered Level 3 of a ziggurat
146370 | Zig:3    | Noticed a royal mummy
146390 | Zig:3    | Killed a royal mummy
146676 | Zig:3    | Identified the +1 robe of the Jolly Princes {rN++ Str+3
                  | Dex+4}
146699 | Zig:4    | Entered Level 4 of a ziggurat
146738 | Zig:4    | Found the +15 Maxwell's patent armour {-Cast -Tele rElec
                  | Will+ rCorr}
146738 | Zig:4    | Found the +5 glaive of the Guard {elec, spectral, AC+5}
146862 | Zig:5    | Entered Level 5 of a ziggurat
146913 | Zig:6    | Entered Level 6 of a ziggurat
146955 | Zig:6    | Reached skill level 6 in Necromancy
147019 | Zig:6    | Identified the +1 robe of Aratiymoo {Int+7}
147027 | Zig:6    | Identified the ring of Zeufadd {rF+ rCorr EV+5}
147030 | Zig:6    | Identified the +8 quarterstaff of Bodily Harmony {pain, rN+
                  | Int+3}
147039 | Zig:7    | Entered Level 7 of a ziggurat
147099 | Zig:7    | Identified the +7 short sword of Ravage {flame, rElec Int+3
                  | Stlth+}
147100 | Zig:7    | Identified the +5 shortbow of the Little People {heavy,
                  | rPois Str+4}
147109 | Zig:8    | Entered Level 8 of a ziggurat
147116 | Zig:8    | Reached skill level 24 in Summonings
147157 | Zig:8    | Reached skill level 18 in Spellcasting
147257 | Zig:8    | Found the +4 skin of Zhor {*Englaciate rC+++ SInv}
147283 | Zig:8    | Identified the +6 hand axe "Dopamp" {drain, Fly rPois rC+
                  | Int+3}
147288 | Zig:8    | Identified the +2 sling of Crawling {drain, Str+3}
147349 | Zig:9    | Entered Level 9 of a ziggurat
147382 | Zig:9    | Identified the +4 tower shield of Rihos {Str-2 Dex+5}
147393 | Zig:9    | Reached skill level 18 in Evocations
147550 | Zig:9    | Identified the +6 war axe of Beyond {heavy, rElec rF+ SInv}
147552 | Zig:9    | Identified the +1 buckler of Restlessness {rF+}
147554 | Zig:9    | Identified the +10 sling "Vegeacoma" {antimagic, Fly rN++
                  | Stlth-}
147572 | Zig:10   | Entered Level 10 of a ziggurat
147683 | Zig:10   | Identified the ring "Wieleytu" {rElec rF++ rC+}
147691 | Zig:10   | Identified the +1 plate armour "Loschaug" {+Blink rC+
                  | Dex+3}
147718 | Zig:11   | Entered Level 11 of a ziggurat
147729 | Zig:11   | Noticed a dread lich
147766 | Zig:11   | Reached skill level 7 in Necromancy
147769 | Zig:11   | Noticed an ancient lich
147773 | Zig:11   | Noticed an ancient lich
147785 | Zig:11   | Killed a dread lich
147792 | Zig:11   | Killed an ancient lich
147797 | Zig:11   | Killed an ancient lich
147941 | Zig:11   | Identified the +3 glaive of Blind Justice {heavy, Fly}
147952 | Zig:11   | Identified the +5 mace "Grum" {venom, rC+ Dex+2}
147972 | Zig:12   | Entered Level 12 of a ziggurat
147990 | Zig:12   | Noticed a caustic shrike
147995 | Zig:12   | Noticed a caustic shrike
147998 | Zig:12   | Killed a caustic shrike
148009 | Zig:12   | Killed a caustic shrike
148337 | Zig:12   | Identified the +1 scale mail of Ichaxtar {Harm +Blink rC+
                  | rN+}
148343 | Zig:12   | Identified the +5 ring mail of Noon {rF+ rC+}
148364 | Zig:13   | Entered Level 13 of a ziggurat
148414 | Zig:13   | Reached skill level 8 in Necromancy
148633 | Zig:13   | Identified the +7 glaive "Qola" {freeze, MP+9 Str+3}
148634 | Zig:13   | Identified the +4 plate armour "Sughakh" {rElec rN+}
148656 | Zig:14   | Entered Level 14 of a ziggurat
148708 | Zig:14   | HP: 18/254 [wendigo/seracfall (13)]
148874 | D:15     | Lost mutation: You are dopey. (Int -2) [potion of mutation]
148874 | D:15     | Lost mutation: [You are weak. (Str -2)] [potion of
                  | mutation]
148874 | D:15     | Gained mutation: You are completely covered in iridescent
                  | scales. (AC +6) [potion of mutation]
148874 | D:15     | Gained mutation: Your body sometimes deteriorates upon
                  | taking damage. [potion of mutation]
148874 | D:15     | Gained mutation: Your movements are slightly less
                  | encumbered by armour. (ER -2) [potion of mutation]
148875 | D:15     | Lost mutation: Your body sometimes deteriorates upon taking
                  | damage. [potion of mutation]
148875 | D:15     | Lost mutation: You are resistant to electric shocks.
                  | (rElec) [potion of mutation]
148875 | D:15     | Lost mutation: You have a pair of small horns on your head.
                  | [potion of mutation]
148875 | D:15     | Gained mutation: Your flesh is cold resistant. (rC+)
                  | [potion of mutation]
148876 | D:15     | Lost mutation: You occasionally lose the ability to drink
                  | potions when taking damage. [potion of mutation]
148876 | D:15     | Lost mutation: Your movements are slightly less encumbered
                  | by armour. (ER -2) [potion of mutation]
148876 | D:15     | Lost mutation: Armour fits poorly on your strangely shaped
                  | body. [potion of mutation]
148876 | D:15     | Gained mutation: Your muscles are strong. (Str +4, Int/Dex
                  | -1) [potion of mutation]
149522 | Orc:1    | Bought a potion of haste for 140 gold pieces
149522 | Orc:1    | Bought a potion of haste for 140 gold pieces
149522 | Orc:1    | Bought a potion of magic for 112 gold pieces
150160 | Tomb:1   | Entered Level 1 of the Tomb of the Ancients
150601 | Tomb:1   | Reached skill level 25 in Summonings
151173 | Tomb:1   | Noticed a royal mummy
151185 | Tomb:1   | Killed a royal mummy
152811 | Tomb:1   | Noticed a royal mummy
152811 | Tomb:1   | Noticed a royal mummy
152815 | Tomb:1   | Killed a royal mummy
152815 | Tomb:1   | Killed a royal mummy
152817 | Tomb:1   | Noticed a royal mummy
152823 | Tomb:1   | Killed a royal mummy
152825 | Tomb:1   | Noticed a royal mummy
152885 | Tomb:1   | Noticed a royal mummy
152887 | Tomb:1   | Killed a royal mummy
153055 | Tomb:1   | Killed a royal mummy
153064 | Tomb:1   | Noticed a royal mummy
153065 | Tomb:1   | Noticed a royal mummy
153069 | Tomb:1   | Killed a royal mummy
153075 | Tomb:1   | Killed a royal mummy
153130 | Tomb:1   | Noticed a royal mummy
153196 | Tomb:1   | Noticed a royal mummy
153201 | Tomb:1   | Killed a royal mummy
153206 | Tomb:1   | Killed a royal mummy
153273 | Tomb:1   | Noticed a royal mummy
153280 | Tomb:1   | Killed a royal mummy
153339 | Tomb:1   | Noticed a royal mummy
153345 | Tomb:1   | Killed a royal mummy
153430 | Tomb:1   | Noticed a royal mummy
153433 | Tomb:1   | Killed a royal mummy
153642 | Tomb:1   | Noticed a royal mummy
153650 | Tomb:1   | Killed a royal mummy
153653 | Tomb:1   | Noticed a royal mummy
153658 | Tomb:1   | Killed a royal mummy
153658 | Tomb:1   | Noticed a royal mummy
153660 | Tomb:1   | Noticed a royal mummy
153662 | Tomb:1   | Killed a royal mummy
153675 | Tomb:1   | Killed a royal mummy
154111 | Tomb:1   | Noticed a royal mummy
154114 | Tomb:1   | Noticed a royal mummy
154118 | Tomb:1   | Killed a royal mummy
154125 | Tomb:1   | Killed a royal mummy
154298 | Tomb:2   | Noticed a royal mummy
154298 | Tomb:2   | Noticed a royal mummy
154299 | Tomb:2   | Noticed a royal mummy
154299 | Tomb:2   | Noticed a royal mummy
154301 | Tomb:2   | Noticed a royal mummy
154313 | Tomb:2   | HP: 22/254 [??? (10)]
154313 | Tomb:2   | HP: 9/254 [royal mummy/divine providence (13)]
154811 | Tomb:2   | Killed a royal mummy
154817 | Tomb:2   | Killed a royal mummy
154850 | Tomb:2   | Killed a royal mummy
154864 | Tomb:2   | Killed a royal mummy
155138 | Tomb:2   | Killed a royal mummy
156146 | Tomb:3   | Entered Level 3 of the Tomb of the Ancients
156196 | Tomb:3   | Noticed a royal mummy
156196 | Tomb:3   | Noticed a royal mummy
156208 | Tomb:3   | Killed a royal mummy
156211 | Tomb:3   | Killed a royal mummy
156221 | Tomb:3   | Noticed a royal mummy
156222 | Tomb:3   | Reached skill level 19 in Spellcasting
156238 | Tomb:3   | Killed a royal mummy
156669 | Tomb:3   | Noticed a royal mummy
156674 | Tomb:3   | Killed a royal mummy
156956 | Tomb:3   | Noticed a royal mummy
156959 | Tomb:3   | Killed a royal mummy
157076 | Tomb:3   | Found the +9 sword of Power {lifebolt}
157091 | Tomb:3   | Found the +2 shield of Resistance {rF++ rC++ Will++}
157125 | Tomb:3   | Noticed a royal mummy
157130 | Tomb:3   | Killed a royal mummy
157150 | Tomb:3   | Noticed a royal mummy
157156 | Tomb:3   | Killed a royal mummy
157157 | Tomb:3   | Reached skill level 23 in Ranged Weapons
157459 | Tomb:3   | Identified the +8 great mace of the Eternal Void {spect,
                  | Fragile rF+ rC++ Stlth+}
157465 | Tomb:3   | Identified the +7 morningstar of Ziakkumm {heavy, Contam
                  | Str+6 Int+4}
157483 | Tomb:3   | Identified the +1 scale mail "Kitsethruas" {rF+ rN+ Will-
                  | Slay+3}
157526 | Tomb:3   | Identified the ring "Tameloah" {rF+ rCorr Int+4}
157540 | Tomb:3   | Identified the +4 dagger of Charity {venom, Int+4}
157707 | Tomb:3   | Identified a +2 robe of resistance
157762 | Tomb:3   | Noticed a royal mummy
157774 | Tomb:3   | Killed a royal mummy
157775 | Tomb:3   | Reached skill level 23 in Dodging
157781 | Tomb:3   | Noticed a royal mummy
157788 | Tomb:3   | Killed a royal mummy
157789 | Tomb:3   | Reached skill level 23 in Long Blades
157858 | Tomb:3   | Got a golden rune of Zot
158644 | Dis:1    | Entered Level 1 of the Iron City of Dis
158644 | Dis:1    | You are sucked into a shaft and drop 1 floor!
158644 | Dis:2    | Noticed a caustic shrike
158655 | Dis:2    | Killed a caustic shrike
158655 | Dis:2    | Noticed a caustic shrike
158658 | Dis:2    | Killed a caustic shrike
158667 | Dis:2    | Noticed a caustic shrike
158676 | Dis:2    | Killed a caustic shrike
158746 | Dis:2    | Reached skill level 19 in Stealth
158899 | Dis:3    | HP: 6/256 [iron giant/boulder beetle (26)]
158899 | Dis:3    | Hit by an iron giant thrown by iron giant

Vanquished Creatures
  Cerebov (Pan)
  Gloorx Vloq (Pan)
  the Royal Jelly (Slime:5)
  Lom Lobon (Pan)
  Mnoleg (Pan)
  8 dread liches (Crypt:3 Vaults:5 Zot:5 Abyss:1 Abyss:3)
  8 pandemonium lords (Pan)
  11 ancient liches (Vaults:2 Crypt:3 Vaults:5 Zot:5 Abyss:3)
  5 orbs of fire (Zot:1 Zot:5)
  Mara (Depths:1)
  Mennas (Pan)
  29 royal mummies (Zig:3 Tomb:1 Tomb:2 Tomb:3)
  The ghost of Dawneret the Hasty, a master GnFi of Cheibriados (Zot:4)
  The ghost of Vyqe the Cryomancer, a master MfIE of Vehumet (Zot:3)
  The ghost of Luix the Impregnable, a veteran MiGl of Hepliaklqana (Crypt:2)
  The ghost of Luix the Impregnable, a veteran MiGl of Hepliaklqana (Crypt:2)
  2 shard shrikes (Zig:14)
  9 Killer Klowns (Zot:5 Zot:4)
  Vv (Zot:3)
  Sojobo (Depths:4)
  Saint Roka (Crypt:2)
  Margery (Crypt:2)
  Boris (4 times) (Vaults:4 Crypt:2 Depths:1 Depths:4)
  3 curse toes (Zot:2 Zot:5 Zot:4)
  5 caustic shrikes (Zig:12 Dis:2)
  Geryon (Hell)
  The ghost of Rakupo Megg the Devastator, a veteran GrEE of Lugonu (Crypt:2)
  The ghost of Hyrrirob the Devastator, a veteran GrEE of Lugonu (Crypt:2)
  19 golden dragons (Zot:1 Zot:2 Zot:3 Zot:4 Vaults:5)
  14 bone dragons (Crypt:3 Abyss:1 Abyss:2 Abyss:3 Abyss:4)
  2 pearl dragons (Zig:9)
  3 profane servitors (Abyss:2 Abyss:3 Pan)
  Arachne (Spider:3)
  3 iron giants (Zig:12 Dis:2)
  5 hellephants (Abyss:1 Abyss:3 Pan)
  11 Brimstone Fiends (Pan)
  4 electric golems (Zot:3 Zot:5)
  3 Tzitzimimeh (Pan)
  Zenata (Crypt:3)
  2 shard shrike zombies (Crypt:3 Abyss:2)
  Mlioglotl (Shoals:1)
  11 Ice Fiends (Pan Zig:14)
  A walking crystal tome (Depths:2)
  19 tentacled monstrosities (Zot:1 Zot:2 Zot:3 Zot:4 Vaults:5)
  Jorgrun (Elf:2)
  6 Hell Sentinels (Abyss:1 Abyss:3 Pan Dis:2)
  5 titans (Vaults:5)
  8 quicksilver dragons (Zot:1 Zot:2 Zot:3 Vaults:5 Zot:5)
  Asterion (Spider:3)
  25 Orb Guardians (Zot:5)
  2 deep elf blademasters (Elf:3)
  2 krakens (Shoals:3)
  15 liches (Crypt:2 Crypt:3 Vaults:5 Abyss:1 Abyss:2)
  24 acid blobs (Slime:2 Slime:1 Slime:4 Slime:5 Zig:1)
  4 deep elf master archers (Elf:3 Zig:13)
  A quicksilver dragon (shapeshifter) (Elf:3)
  13 sphinxes (Vaults:3 Vaults:4 WizLab Vaults:5 Tomb:1)
  The ghost of Valamore the Peltast, an adept MiCA of Ignis (Spider:2)
  11 death cobs (Zot:1 Zot:2 Zot:3 Zot:4 Zot:5)
  36 tentacled starspawn (Abyss:1 Abyss:2 Abyss:3)
  32 Executioners (Abyss:3 Pan)
  20 ancient champions (Vaults:3 Crypt:1 Crypt:3 Depths:1 Hell)
  Donald (Shoals:4)
  Kirke (D:13)
  12 shadow dragons (Depths:4 Zot:2 Zot:3 Vaults:5 Hell)
  12 tengu reavers (D:14 Vaults:1 Depths:2 Depths:4 Vaults:5)
  9 storm dragons (Depths:3 Zot:3 Zot:4 Vaults:5 Zot:5)
  9 fire giants (Vaults:1 Vaults:3 Depths:1 Depths:3 Depths:4)
  Roxanne (Spider:1)
  14 demonspawn warmongers (Pan)
  11 draconian monks (Depths:4 Zot:1 Zot:2 Zot:3 Zot:4)
  13 nagarajas (WizLab Depths:4 Abyss:3 Zig:10)
  11 rockslimes (Slime:2 Slime:1 Slime:3 Slime:4 Slime:5)
  6 revenants (Crypt:1 Vaults:3 Crypt:3 Crypt:2 Abyss:2)
  10 draconian knights (Zot:1 Zot:2 Zot:4 Zot:5 Abyss:1)
  A nargun (Zig:14)
  8 azure jellies (Slime:2 Slime:4 Slime:5)
  3 daevas (Abyss:1 Zig:9)
  10 frost giants (Depths:2 Depths:3 Vaults:5 Zig:11)
  4 emperor scorpions (Spider:1 Spider:4 Spider:2)
  9 deep elf sorcerers (Elf:1 Elf:2 Elf:3 WizLab Vaults:5)
  3 iron dragons (Depths:2 Hell Dis:2)
  2 quicksilver elementals (Zig:12)
  7 draconian scorchers (Zot:1 Zot:2 Zot:4)
  26 balrugs (Depths:4 Hell Abyss:1 Abyss:3 Pan)
  19 ghost moths (Spider:1 Spider:3 Spider:4 Zot:2 Zot:3)
  An angel (Zig:9)
  Aizul (Spider:1)
  7 ghouls (Crypt:1 Crypt:2)
  5 draconian shifters (Zot:1 Zot:3 Zot:4 Zot:5)
  5 draconian stormcallers (Depths:4 Zot:1 Zot:4)
  18 vault wardens (Vaults:1 Vaults:2 Vaults:3 Vaults:4 Vaults:5)
  6 curse skulls (Crypt:1 Crypt:2 Crypt:3 Pan)
  2 deep elf elementalists (Elf:3)
  2 caustic shrike zombies (Crypt:2)
  19 ironbound preservers (Vaults:2 Vaults:3 Vaults:4 Vaults:5)
  4 war gargoyles (Vaults:1 Vaults:4 Hell Dis:2)
  12 quicksilver oozes (Slime:1 Slime:3 Slime:4 Slime:5)
  22 reapers (IceCv Crypt:3 Depths:4 Hell Abyss:1)
  4 caustic shrike skeletons (Abyss:1 Abyss:3 Pan)
  31 cacodemons (Depths:4 Hell Abyss:1 Abyss:3 Pan)
  19 demonspawn corrupters (WizLab Pan)
  7 draconian annihilators (Zot:2 Zot:4 Abyss:1 Pan)
  A spriggan defender (Depths:4)
  6 ironbound thunderhulks (Vaults:2 Vaults:3 Vaults:4)
  4 orc warlords (Vaults:2 Vaults:3 Vaults:4)
  A juggernaut skeleton (Abyss:1)
  4 ophanim (Abyss:1 Zig:9)
  5 starflowers (Abyss:3)
  10 deep elf demonologists (Elf:3 Vaults:5 Abyss:3 Zig:13)
  8 demonspawn blood saints (Pan)
  47 very ugly things (Vaults:2 Vaults:1 Depths:1 Depths:2 Depths:3)
  2 broodmothers (Spider:3)
  11 lorocyprocas (Depths:2 Abyss:1 Pan)
  19 bennus (Tomb:1 Tomb:2 Tomb:3)
  13 stone giants (Depths:1 Depths:2 Depths:3 Depths:4 Vaults:5)
  6 demonspawn black suns (Pan)
  7 vampire knights (Crypt:1 Depths:1 Depths:4 Hell)
  11 green draconians (Zot:1 Zot:2 Zot:3 Zot:4 Zot:5)
  7 black draconians (Zot:1 Zot:2 Zot:5 Abyss:3)
  11 deep elf annihilators (Elf:2 Elf:3 Vaults:5 Zig:7 Zig:13)
  17 yellow draconians (Depths:4 Zot:1 Zot:2 Zot:3 Zot:4)
  9 red draconians (Zot:2 Zot:3 Zot:5 Zot:4)
  7 spark wasps (Spider:1 Spider:4 Spider:2 Depths:3)
  A bunyip (shapeshifter) (Abyss:2)
  15 purple draconians (Zot:1 Depths:4 Zot:2 Zot:3 Zot:4)
  18 white draconians (Depths:4 Zot:1 Zot:2 Zot:3 Zot:4)
  A bunyip (Abyss:1)
  Snorg (D:10)
  7 fire dragons (D:14 Depths:1 Depths:3 Depths:4 Zot:3)
  15 ettins (Vaults:1 Vaults:2 Vaults:4 WizLab Depths:1)
  18 green deaths (Abyss:1 Abyss:2 Pan)
  23 blizzard demons (Depths:4 Depths:1 Hell Abyss:1 Abyss:3)
  A dire elephant (Vaults:1)
  3 merfolk javelineers (Shoals:4)
  7 entropy weavers (Spider:2 Spider:3 Vaults:1 Vaults:2 Abyss:3)
  16 mummy priests (Tomb:1 Tomb:2 Tomb:3)
  9 eidola (Crypt:1 Crypt:2 Crypt:3 Abyss:1 Abyss:3)
  10 iron golems (Hell Zig:12 Dis:2)
  10 jiangshi (Crypt:1 Crypt:2 Crypt:3 Abyss:1)
  6 deep elf death magi (Elf:3 Crypt:2 Crypt:3)
  A crystal guardian (Vaults:3)
  14 merfolk impalers (Shoals:3 Shoals:4)
  25 yaktaur captains (Vaults:1 Vaults:2 Vaults:3 Vaults:4 Vaults:5)
  14 deep elf high priests (Elf:2 Elf:3 Vaults:2 WizLab Vaults:5)
  22 great orbs of eyes (Vaults:1 Vaults:2 Vaults:4 Slime:2 Slime:1)
  Erolcha (D:9)
  Fannar (D:12)
  Josephine (Shoals:1)
  31 vault guards (Vaults:1 Vaults:3 Vaults:4 Vaults:5)
  7 hell beasts (Depths:4 Pan)
  18 rakshasas (Depths:1 Depths:2 Depths:3 Abyss:1 Abyss:3)
  4 peacekeepers (Vaults:1 Vaults:3 Vaults:4)
  2 spriggan zombies (Abyss:1 Zig:2)
  3 salamander tyrants (Zig:10)
  A caustic shrike simulacrum (IceCv)
  5 hydras (Lair:2 D:12 D:14)
  2 fenstrider witch zombies (Hell Abyss:1)
  A great orb of eyes (shapeshifter) (Vaults:1)
  7 spriggan air magi (Depths:1 Depths:2 Depths:3 Depths:4)
  6 spriggan skeletons (Crypt:2 Abyss:1 Abyss:2 Pan)
  3 radroaches (Spider:1 Spider:3)
  16 centaur warriors (D:9 D:14 D:15 Vaults:1 Vaults:2)
  A juggernaut simulacrum (Hell)
  4 jorogumos (Spider:3 Spider:4)
  5 death knights (Crypt:1 Crypt:2 Crypt:3 Abyss:1 Abyss:3)
  6 ice dragons (Depths:2 Depths:3 Depths:4 Zot:3 Depths:1)
  4 anacondas (Depths:4 Zig:10)
  3 catoblepae (D:13)
  5 merfolk avatars (Shoals:2 Shoals:3 Shoals:4)
  2 fenstrider witch skeletons (Abyss:2 Tomb:2)
  10 ironbound frosthearts (Vaults:1 Vaults:2 Vaults:3 Vaults:4)
  4 two-headed ogres (D:11 D:12 Orc:2 Zig:8)
  6 death yaks (Lair:5 Lair:4)
  6 deep troll shamans (Depths:1 Depths:3 Depths:4)
  5 merfolk aquamancers (Shoals:1 Shoals:4 WizLab)
  A jorogumo (shapeshifter) (Lair:5)
  53 death scarabs (Tomb:1 Tomb:2 Tomb:3)
  8 naga warriors (Depths:4 Zig:4)
  An alligator (shapeshifter) (Abyss:1)
  An alligator snapping turtle (Shoals:3)
  A tengu warrior (Depths:3)
  8 boulder beetles (Spider:2 Spider:3 D:14 Vaults:1 Vaults:2)
  10 deep troll earth magi (Depths:1 Depths:2 Depths:3 Depths:4 Zig:11)
  51 thrashing horrors (Lair:5 Abyss:1 Abyss:2 Abyss:3)
  12 vampire magi (Vaults:3 Crypt:1 Crypt:2 Crypt:3 Depths:2)
  37 dancing weapons (Elf:1 Elf:2 Elf:3 Abyss:3 Zig:5)
  7 hell hogs (Depths:1 Hell Abyss:1 Abyss:2 Abyss:3)
  7 orc high priests (Orc:2 Elf:3 Zig:6 Zig:8 Zig:13)
  2 shock serpents (shapeshifter) (Vaults:3 Vaults:5)
  3 shock serpents (Zig:4 Zig:10)
  4 spriggan berserkers (Depths:2 Depths:3 Depths:4)
  20 deep elf knights (Elf:1 Elf:2 Elf:3 Zig:5)
  102 sun demons (Depths:3 Depths:4 Hell Depths:1 Abyss:1)
  The ghost of Rudyous the Fighter, a novice MiFi (D:7)
  26 soul eaters (Crypt:1 Crypt:2 Crypt:3 Hell Depths:4)
  5 crystal echidnas (Zig:12 Dis:2)
  16 hell knights (Crypt:2 Crypt:1 Depths:1 Vaults:5 Abyss:1)
  A titan zombie (Abyss:2)
  A fire crab (shapeshifter) (Vaults:4)
  11 shadow wraiths (Crypt:2 Hell Pan)
  8 iron trolls (Depths:1 Depths:3 Depths:4 Zig:8)
  39 wretched stars (Abyss:1 Abyss:2 Abyss:3)
  Lodul (D:10)
  A sun moth (Spider:3)
  41 sixfirhies (Depths:3 Depths:4 Depths:1 Abyss:1 Abyss:2)
  2 bunyip zombies (Crypt:2 Hell)
  32 skeletal warriors (D:14 Vaults:3 Crypt:2 Crypt:1 Crypt:3)
  5 spatial maelstroms (Abyss:1 Abyss:2 Abyss:3)
  3 cherubim (Zig:9)
  5 pharaoh ants (Spider:1 Spider:3)
  49 deep trolls (Vaults:2 Vaults:3 Vaults:4 Depths:1 Depths:2)
  A salamander mystic (Zig:10)
  2 swamp dragons (WizLab Zot:3)
  7 obsidian statues (IceCv Depths:4 Zot:5 Zig:4)
  16 sea snakes (Shoals:1 Shoals:3 Shoals:4 Depths:4)
  18 orb spiders (Spider:1 Spider:2 Spider:3 Spider:4 Abyss:3)
  An orange crystal statue (Zot:2)
  2 swamp dragons (shapeshifter) (D:15 Vaults:4)
  23 glowing orange brains (D:15 Vaults:4 WizLab Depths:1 Depths:2)
  2 anaconda zombies (Hell Abyss:1)
  5 flayed ghosts (Crypt:2 Crypt:3 Depths:3 Abyss:1)
  2 storm dragon skeletons (Crypt:2 Abyss:1)
  16 deep elf archers (Elf:1 Elf:2 Elf:3 Zig:13)
  A glowing orange brain (shapeshifter) (D:14)
  A shadow dragon zombie (Abyss:2)
  A death drake (shapeshifter) (Vaults:3)
  A deep troll (shapeshifter) (Abyss:1)
  A spectral wolf spider (Spider:1)
  8 lindwurms (Vaults:1 Vaults:2 Vaults:3 Depths:4)
  20 shadow demons (Depths:3 Pan)
  A bunyip skeleton (Pan)
  4 bog bodies (IceCv Crypt:1)
  34 harpies (Shoals:2 Shoals:3 Shoals:4 Vaults:2 Zig:11)
  11 orc knights (Orc:2 D:14 Vaults:2 Vaults:3 Vaults:4)
  17 phantasmal warriors (Vaults:2 Vaults:3 Crypt:1 Crypt:2 Crypt:3)
  7 steelbarb worms (Spider:1 Spider:3 Spider:4)
  12 necromancers (Vaults:1 Vaults:3 WizLab Crypt:2 Depths:1)
  18 wizards (D:14 Vaults:1 Vaults:2 Vaults:3 WizLab)
  23 ironbound convokers (Vaults:1 Vaults:2 Vaults:3 Vaults:4 Vaults:5)
  2 anaconda skeletons (Crypt:1 Abyss:1)
  27 deep elf zephyrmancers (Elf:1 Elf:2 Elf:3 Zig:5 Zig:13)
  59 starcursed masses (Abyss:1 Abyss:2 Abyss:3)
  A lindwurm (shapeshifter) (Zig:11)
  3 wolf spider zombies (Spider:1)
  A tengu skeleton (Abyss:1)
  6 shining eyes (Slime:2 Slime:5 Abyss:1)
  7 cyclopes (D:10 D:12 Orc:2 D:14 D:15)
  40 deep elf pyromancers (D:7 D:14 D:15 Elf:1 Elf:2)
  An oklob plant (Shoals:1)
  16 fauns (Shoals:1 Shoals:2)
  9 orc sorcerers (Orc:1 Orc:2 D:14 Crypt:2 Zig:8)
  39 ugly things (Lair:5 D:13 D:14 D:15 Vaults:1)
  35 wolf spiders (Spider:1 Spider:2 Spider:3 Spider:4 D:14)
  An iron dragon zombie (Abyss:1)
  17 manticores (D:12 D:13 D:14 D:15 Shoals:2)
  2 sphinx zombies (Vaults:1 Crypt:3)
  20 worldbinders (WizLab Abyss:1 Abyss:2 Abyss:3)
  40 moths of wrath (Spider:1 Spider:2 Spider:4 Zot:1 Zot:2)
  2 will-o-the-wisps (Abyss:2 Abyss:3)
  An iron dragon skeleton (Tomb:1)
  3 shadow dragon skeletons (Crypt:2 Abyss:1 Zig:2)
  2 centaur zombies (Abyss:1)
  7 merfolk sirens (Shoals:1 Shoals:2 Shoals:3 Shoals:4)
  A shining eye (shapeshifter) (Zig:5)
  18 elephants (Lair:2 Lair:3 Lair:5)
  9 guardian serpents (Depths:4 Abyss:3 Zig:4 Zig:10)
  3 dire elephant zombies (Abyss:1 Abyss:3)
  A human skeleton (Hell)
  10 naga magi (Depths:4 Zig:4 Zig:10)
  70 smoke demons (Lair:5 Depths:2 Depths:3 Depths:4 Hell)
  3 ice statues (Hell Zig:4)
  6 black mambas (Lair:1 Lair:3 Lair:4 Depths:4 Zig:4)
  26 vault sentinels (Vaults:1 Vaults:2 Vaults:3 Vaults:4 Vaults:5)
  8 eyes of devastation (Lair:5 Slime:2 Slime:3 Slime:4 Slime:5)
  12 rust devils (Depths:2 Depths:1 Hell Abyss:1 Pan)
  9 water nymphs (Shoals:3 Shoals:4)
  41 demonic crawlers (Spider:1 Spider:2 Spider:3 Spider:4 Depths:1)
  A gargoyle (D:10)
  9 cane toads (Lair:1 Lair:2 Lair:4 Lair:5)
  9 apocalypse crabs (Abyss:1 Abyss:3)
  39 orange demons (Depths:3 Hell Abyss:1 Abyss:2 Abyss:3)
  33 hellions (Depths:3 Abyss:1 Abyss:2 Abyss:3 Pan)
  9 torpor snails (Spider:1 Spider:2 Spider:3 Spider:4 Lair:2)
  A stone giant skeleton (Abyss:3)
  9 centaur skeletons (D:14 Crypt:2 Abyss:2 Pan Tomb:1)
  A storm dragon simulacrum (Abyss:2)
  A rime drake (D:9)
  An alligator snapping turtle skeleton (Pan)
  16 tormentors (Depths:4 Abyss:1 Pan Zig:12)
  A rime drake (shapeshifter) (Vaults:5)
  14 efreet (D:13 D:14 D:15 Abyss:1 Abyss:2)
  9 unseen horrors (Crypt:1 Abyss:1 Abyss:2 Abyss:3 Pan)
  47 yaktaurs (D:14 Vaults:1 Vaults:2 Vaults:3 Vaults:4)
  3 komodo dragons (Lair:1 Lair:5)
  A yaktaur (shapeshifter) (Abyss:1)
  A pale draconian skeleton (Crypt:2)
  A sea snake zombie (Hell)
  8 ice devils (Depths:4 Abyss:1 Abyss:3 Pan)
  23 freezing wraiths (IceCv D:15 D:14 Crypt:1 Crypt:2)
  A komodo dragon (shapeshifter) (Elf:2)
  A red draconian skeleton (Crypt:2)
  4 tengu conjurers (D:14 Depths:1 Depths:2 Depths:3)
  41 guardian mummies (Crypt:3 Zig:3 Tomb:1 Tomb:2 Tomb:3)
  5 red devils (Depths:2 Depths:4 Abyss:3 Pan)
  A mana viper zombie (Crypt:2)
  14 meliai (D:14 Spider:3 Spider:4)
  3 silent spectres (Abyss:2 Abyss:3)
  7 trolls (D:11 D:12 Orc:2 Orc:1 Crypt:2)
  36 ancient zymes (Lair:5 Abyss:1 Abyss:2 Abyss:3)
  A queen bee (D:14)
  A catoblepas skeleton (Crypt:1)
  A sea snake skeleton (Hell)
  5 golden dragon simulacra (IceCv)
  A wind drake (shapeshifter) (Elf:1)
  24 hellwings (Depths:4 Abyss:1 Abyss:2 Abyss:3 Pan)
  2 polar bears (Lair:2 Lair:3)
  A death yak skeleton (Crypt:2)
  2 polar bears (shapeshifter) (Abyss:1 Abyss:3)
  5 wolf spider simulacra (Spider:1)
  A black draconian skeleton (Crypt:1)
  A harpy zombie (Tomb:1)
  39 tarantellas (Lair:2 Spider:1 Spider:2 Spider:3 Spider:4)
  31 merfolk (Shoals:1 Shoals:2 Shoals:3 Shoals:4)
  5 harpy skeletons (Crypt:2 Abyss:1 Pan Tomb:2)
  2 hornets (shapeshifter) (Elf:2 Abyss:1)
  4 hornets (D:9 Spider:2 Depths:3)
  2 hydra zombies (Hell)
  28 blink frogs (Lair:2 Lair:5 Abyss:1 Abyss:2 Abyss:3)
  7 dream sheep (Lair:2 Shoals:1)
  8 wind drakes (Shoals:1 Shoals:2 Shoals:3 Shoals:4)
  An alligator zombie (Hell)
  48 raiju (Abyss:1 Abyss:2 Abyss:3)
  A raiju (shapeshifter) (Abyss:2)
  A slime creature (shapeshifter) (Vaults:5)
  2 hydra skeletons (Crypt:1 Abyss:1)
  5 snapping turtles (Shoals:1 Shoals:2 Shoals:4)
  2 stone giant simulacra (Vaults:1 Abyss:1)
  2 alligator skeletons (Hell)
  4 air elementals (Elf:1 Elf:3 Zig:13)
  134 slime creatures (D:14 D:15 Vaults:1 Vaults:2 Vaults:3)
  5 vampires (D:10 D:11 Abyss:1 Abyss:3)
  2 black mamba zombies (Crypt:2 Abyss:3)
  39 flying skulls (Crypt:3 Abyss:1 Abyss:2 Abyss:3 Zig:3)
  136 large abominations (Abyss:1 Abyss:2 Abyss:3 Pan)
  27 jumping spiders (Spider:1 Spider:2 Spider:3 Spider:4)
  4 shadows (D:9 Abyss:1)
  3 centaur simulacra (D:15 Abyss:2 Tomb:2)
  33 culicivoras (Lair:2 Spider:1 Spider:2 Spider:3 Spider:4)
  2 spriggans (Lair:5 Depths:3)
  An ettin skeleton (Pan)
  12 ushabtiu (Tomb:1 Tomb:2 Tomb:3)
  30 water elementals (Shoals:1 Shoals:2 Shoals:3 Shoals:4 Elf:1)
  37 yaks (D:5 D:7 D:9 D:10 Lair:1)
  63 ynoxinuls (Lair:5 Abyss:1 Abyss:2 Abyss:3 Pan)
  A fire dragon skeleton (Crypt:3)
  5 fire elementals (Lair:1 Elf:2 Zig:5 Zig:7 Zig:13)
  A human (shapeshifter) (D:13)
  17 wraiths (D:11 D:12 Shoals:1 Crypt:1 Vaults:3)
  10 basilisks (Lair:2 Lair:4 Lair:5 D:12 Abyss:1)
  A hog (shapeshifter) (D:15)
  2 hogs (D:13)
  A steam dragon (D:7)
  13 fire bats (Abyss:1 Abyss:2 Pan)
  57 redbacks (Spider:1 Spider:2 Spider:3 Spider:4)
  71 chaos spawn (Lair:5 Depths:3 Abyss:1 Abyss:2 Abyss:3)
  59 neqoxecs (Depths:2 Abyss:1 Abyss:2 Abyss:3 Pan)
  5 wyverns (D:8 Lair:1 Lair:2 Lair:3 Lair:4)
  Grum (D:9)
  19 golden eyes (Slime:1 Slime:2 Slime:4 Slime:5 Abyss:3)
  9 vampire mosquitoes (D:12 D:14)
  A minotaur simulacrum (IceCv)
  A steam dragon (shapeshifter) (Abyss:1)
  19 spatial vortices (Abyss:1 Abyss:3)
  A swamp worm (shapeshifter) (D:15)
  An elf skeleton (Vaults:1)
  A naga (shapeshifter) (Vaults:5)
  An acid dragon (Zot:3)
  4 wargs (Orc:1 Crypt:2 Zig:6 Zig:8)
  4 naga zombies (Abyss:1 Abyss:3 Tomb:1)
  18 hell hounds (Hell Depths:1 Abyss:1)
  8 water moccasins (D:6 D:9 Lair:1 Lair:2 Lair:4)
  4 floating eyes (Lair:5 WizLab Slime:2 Pan)
  5 hydra simulacra (IceCv Hell Tomb:1)
  A deep troll skeleton (Crypt:2)
  2 naga skeletons (Crypt:2 Pan)
  A faun skeleton (Crypt:2)
  A sky beast (Abyss:1)
  6 ice beasts (D:5 D:7 D:9)
  3 ettin simulacra (IceCv Hell)
  5 black bears (D:4 D:5 D:7 D:8 Lair:3)
  41 orc warriors (D:6 D:9 D:10 D:11 Orc:2)
  19 ogres (D:6 D:9 D:10 Orc:1 Zig:6)
  An alligator simulacrum (IceCv)
  8 boggarts (D:14 Depths:3)
  15 centaurs (D:4 D:5 D:7 D:8 D:12)
  9 wolves (D:8 D:9)
  A phantom (D:5)
  A swamp dragon skeleton (Pan)
  2 elephant skeletons (Crypt:1 Crypt:2)
  3 kobold brigands (D:7 D:8 D:9)
  8 bullfrogs (D:7 Lair:1 Lair:2 Lair:3 Lair:4)
  2 gnoll sergeants (D:7 D:10)
  A salamander zombie (Crypt:1)
  2 deep troll simulacra (IceCv)
  4 scorpions (D:4 D:5 D:6 D:7)
  6 necrophages (D:4 D:6 D:7 Crypt:1)
  8 earth elementals (Elf:1 Elf:3 Abyss:1 Zig:13)
  A naga simulacrum (Crypt:2)
  A salamander skeleton (Crypt:3)
  25 wights (D:5 D:6 D:7 D:8 D:9)
  A wyvern skeleton (Crypt:1)
  100 small abominations (Lair:5 Abyss:1 Abyss:2 Abyss:3 Abyss:4)
  38 killer bees (D:6 D:8 D:14)
  A wolf zombie (Crypt:2)
  4 electric eels (D:6)
  2 howler monkeys (D:7)
  4 crimson imps (D:4 Abyss:1 Abyss:3)
  16 quasits (Abyss:1 Abyss:2 Abyss:3)
  3 hounds (D:5 D:6)
  7 jellies (D:5 D:6 D:7 Abyss:1 Abyss:2)
  2 gnoll boudas (D:6 Zig:6)
  18 orc priests (D:8 D:9 D:10 D:11 Orc:2)
  8 iguanas (D:5 D:6)
  16 iron imps (Abyss:1 Abyss:2 Abyss:3)
  Ijyb (D:3)
  Terence (D:3)
  19 orc wizards (D:6 D:8 D:7 D:9 D:10)
  4 hell rats (Depths:4 Depths:1)
  63 mummies (Crypt:3 Zig:2 Zig:3 Tomb:1 Tomb:2)
  A hound zombie (Crypt:3)
  18 gnolls (D:1 D:7 D:10 D:11 Orc:1)
  13 adders (D:2 D:3 D:4 D:5 D:6)
  3 shadow imps (Abyss:1 Abyss:3)
  A swamp drake skeleton (Crypt:1)
  20 white imps (D:4 D:6 D:7 Abyss:1 Abyss:2)
  22 ufetubi (D:5 D:6 Abyss:1 Abyss:2 Abyss:3)
  A lava snake zombie (Crypt:3)
  2 worms (D:2)
  4 dart slugs (D:1 D:3 D:5)
  63 orcs (D:4 D:5 D:6 D:8 D:7)
  6 ball pythons (D:2 D:1 D:4 Depths:4)
  2 bats (D:1 D:3)
  7 endoplasms (D:1 D:2 D:3 D:4 D:6)
  8 goblins (D:2 D:3 D:4)
  9 hobgoblins (D:1 D:2 D:3 D:4)
  8 jackals (D:2 D:4)
  3 quokkas (D:2 D:3 D:5)
  3 training dummies (Elf:3)
  A ball python skeleton (Crypt:1)
  8 frilled lizards (D:1 D:3 D:6)
  8 kobolds (D:2 D:8 D:9)
  A kobold skeleton (Crypt:3)
  An orc skeleton (Crypt:3)
  6 rats (D:1 D:2)
  A river rat skeleton (Crypt:3)
  9 fire vortices (Hell Pan)
  8 lurking horrors (Abyss:1 Abyss:2 Abyss:3)
  15 starspawn tentacles (Abyss:1 Abyss:2 Abyss:3)
  5 tentacles (Shoals:3)
4974 creatures vanquished.

Vanquished Creatures (collateral kills)
  5 royal mummies (Tomb:1 Tomb:2 Tomb:3)
  A shard shrike (Zig:14)
  A pearl dragon (Zig:9)
  An iron giant (Zig:12)
  An ancient champion (Tomb:2)
  An azure jelly (Zig:14)
  A quicksilver elemental (Zig:12)
  A frost giant (Zig:14)
  A nargun (Zig:14)
  A caustic shrike zombie (Tomb:3)
  An angel (Zig:9)
  A wendigo (Zig:14)
  A bennu (Tomb:3)
  2 mummy priests (Tomb:3)
  15 death scarabs (Tomb:1 Tomb:3)
  A dancing weapon (Zig:13)
  A shock serpent (Zig:4)
  A deep elf knight (Zig:7)
  2 skeletal warriors (Tomb:2 Tomb:3)
  An anaconda zombie (Tomb:3)
  A golden dragon zombie (Tomb:3)
  A black mamba (Zig:4)
  An orange demon (Pan)
  A black mamba (shapeshifter) (Zig:11)
  7 guardian mummies (Tomb:1 Tomb:2 Tomb:3)
  A merfolk (shapeshifter) (Zig:11)
  A queen bee (shapeshifter) (Zig:13)
  4 flying skulls (Tomb:2)
  2 slime creatures (Vaults:2)
  An air elemental (Zig:13)
  6 ushabtiu (Tomb:2 Tomb:3)
  12 mummies (Zig:3 Tomb:1 Tomb:2 Tomb:3)
78 creatures vanquished.

Vanquished Creatures (others)
  An eldritch tentacle (Pan)
  A broodmother (Spider:4)
  2 white draconians (Zot:2 Zot:5)
  A deep elf death mage (Elf:3)
  A caustic shrike simulacrum (Zig:14)
  A bennu zombie (Tomb:2)
  A deep elf knight (Elf:3)
  An orb spider (Spider:4)
  A shadow demon (Pan)
  A spriggan simulacrum (Zig:14)
  A wizard (Vaults:2)
  An ironbound convoker (Vaults:2)
  11 death scarab zombies (Tomb:3)
  An ugly thing (Depths:4)
  An orange demon (Hell)
  A tengu simulacrum (Zig:14)
  An iron dragon simulacrum (Zig:14)
  A jumping spider (Spider:1)
  2 water elementals (Elf:2 Zig:13)
  A human (D:13)
  A glowing shapeshifter simulacrum (Zig:14)
  2 hell rats (Hell)
  9 ball lightnings (Elf:2 Pan)
  3 creeping infernos (Hell)
  21 fungi (Lair:1 Lair:2 Lair:4 Lair:5)
  2 lurking horrors (Abyss:1)
  63 plants (D:6 Lair:2 Lair:5 Shoals:1 Shoals:3)
  A snaplasher vine (Pan)
  21 starspawn tentacles (Abyss:1 Abyss:2 Abyss:3)
  12 tentacles (Shoals:3)
  2 withered plants (Crypt:2)
169 creatures vanquished.

Grand Total: 5221 creatures vanquished

Table legend: (Time is in decaauts)
 A = Elapsed time spent in this place.
 B = Non-inter-level travel time spent in this place.
 C = Inter-level travel time spent in this place.
 D = Time resting spent in this place.
 E = Time spent auto-exploring this place.
 F = Levels seen in this place.
 G = Mean time per level.
                   A        B        C        D        E       F      G
               +--------+--------+--------+--------+--------+-----+--------+
         Total | 151969 | 127205 |  24764 |  31562 |  56804 |  96 | 1583.0 |
       Dungeon |  26638 |  16604 |  10034 |   1682 |   9208 |  15 | 1775.9 |
          Lair |   8853 |   6197 |   2656 |    516 |   4086 |   5 | 1770.6 |
        Shoals |   6237 |   5702 |    535 |   1523 |   1604 |   4 | 1559.2 |
   Spider Nest |   7779 |   6624 |   1155 |   1460 |   2490 |   4 | 1944.8 |
    Slime Pits |   5184 |   4454 |    730 |   1798 |   1763 |   5 | 1036.8 |
  Orcish Mines |   2880 |   1531 |   1349 |    120 |    730 |   2 | 1440.0 |
   Elven Halls |   7527 |   6991 |    536 |   2416 |   3196 |   3 | 2509.0 |
        Vaults |  18644 |  16267 |   2377 |   3980 |   9025 |   5 | 3728.8 |
         Crypt |  12108 |  11255 |    853 |   4516 |   5071 |   3 | 4036.0 |
          Tomb |   6929 |   6342 |    587 |   3816 |   1014 |   3 | 2309.7 |
        Depths |  14369 |  11290 |   3079 |   3114 |   6656 |   4 | 3592.2 |
          Hell |    523 |    508 |     15 |     12 |    297 |   1 |  523.0 |
           Dis |    227 |    218 |      9 |     56 |     64 |   3 |   75.7 |
           Zot |   7199 |   6354 |    845 |   1129 |   3080 |   5 | 1439.8 |
         Abyss |   8454 |   8454 |      0 |    259 |   3241 |   5 | 1690.8 |
   Pandemonium |  13748 |  13748 |      0 |   2643 |   5176 |  13 | 1057.5 |
      Ziggurat |   2154 |   2154 |      0 |   1199 |     18 |  14 |  153.9 |
      Ice Cave |    582 |    582 |      0 |     66 |      0 |   1 |  582.0 |
        Wizlab |   1927 |   1927 |      0 |   1249 |     83 |   1 | 1927.0 |
               +--------+--------+--------+--------+--------+-----+--------+

Top non-repeatable levels by time:
 Abyss:1: 5320 daAuts
Vaults:1: 5042 daAuts
Vaults:2: 4344 daAuts
Vaults:3: 4209 daAuts
 Crypt:3: 4180 daAuts
Depths:2: 4157 daAuts
 Crypt:2: 4154 daAuts
     D:9: 4135 daAuts
  Tomb:1: 3942 daAuts
Depths:4: 3878 daAuts
 Crypt:1: 3773 daAuts
Depths:3: 3591 daAuts
Vaults:4: 3467 daAuts
Spider:3: 2857 daAuts
  Lair:2: 2778 daAuts

Table legend:
 A = Non-vault XP
 B = Vault XP
 C = Vault XP percentage of total XP
 D = Non-vault monster count
 E = Vault monster count
 F = Vault count percentage of total count
                 A         B        C        D         E       F
            +---------+---------+-------+---------+---------+-------
      Total | 1983541 | 1337648 |  40.3 |    3473 |    1513 |  30.3
            +---------+---------+-------+---------+---------+-------
        D:1 |      38 |       0 |   0.0 |      13 |       0 |   0.0
        D:2 |      91 |       2 |   2.2 |      28 |       1 |   3.4
        D:3 |      42 |      72 |  63.2 |      10 |       2 |  16.7
        D:4 |     475 |      58 |  10.9 |      20 |       2 |   9.1
        D:5 |     668 |     514 |  43.5 |      19 |       7 |  26.9
        D:6 |    1866 |     160 |   7.9 |      34 |       8 |  19.0
        D:7 |    1882 |    1866 |  49.8 |      28 |      10 |  26.3
        D:8 |    1300 |     221 |  14.5 |      21 |       2 |   8.7
        D:9 |    5935 |    2324 |  28.1 |      44 |      10 |  18.5
       D:10 |    2771 |    2438 |  46.8 |      23 |       8 |  25.8
       D:11 |    1798 |       0 |   0.0 |       9 |       0 |   0.0
       D:12 |    4104 |     878 |  17.6 |      11 |       1 |   8.3
       D:13 |    2394 |    4531 |  65.4 |       8 |       7 |  46.7
       D:14 |    7377 |   21633 |  74.6 |      22 |      71 |  76.3
       D:15 |    4710 |    4303 |  47.7 |      10 |      10 |  50.0
     Lair:1 |    3312 |     643 |  16.3 |      13 |       2 |  13.3
     Lair:2 |   11251 |     215 |   1.9 |      29 |       1 |   3.3
     Lair:3 |    3115 |       0 |   0.0 |       9 |       0 |   0.0
     Lair:4 |    6458 |       0 |   0.0 |      21 |       0 |   0.0
     Lair:5 |    7904 |   10200 |  56.3 |      18 |      33 |  64.7
   Shoals:1 |   10524 |    4102 |  28.0 |      25 |       7 |  21.9
   Shoals:2 |   18456 |     656 |   3.4 |      35 |       3 |   7.9
   Shoals:3 |   16101 |     848 |   5.0 |      26 |       4 |  13.3
   Shoals:4 |   19640 |   24274 |  55.3 |      42 |      36 |  46.2
   Spider:1 |   26765 |    9342 |  25.9 |      84 |      16 |  16.0
   Spider:2 |   14102 |    6747 |  32.4 |      44 |       9 |  17.0
   Spider:3 |   26314 |   14271 |  35.2 |      59 |      20 |  25.3
   Spider:4 |   11459 |   20315 |  63.9 |      29 |      34 |  54.0
    Slime:1 |    8217 |       0 |   0.0 |      14 |       0 |   0.0
    Slime:2 |   19334 |    2165 |  10.1 |      46 |       6 |  11.5
    Slime:3 |    9994 |       0 |   0.0 |      18 |       0 |   0.0
    Slime:4 |   17947 |    1327 |   6.9 |      35 |       2 |   5.4
    Slime:5 |   12249 |   21812 |  64.0 |      31 |      16 |  34.0
      Orc:1 |    2216 |       0 |   0.0 |      27 |       0 |   0.0
      Orc:2 |    3223 |    7378 |  69.6 |      30 |      30 |  50.0
      Elf:1 |   12444 |    6785 |  35.3 |      19 |      14 |  42.4
      Elf:2 |   26960 |   25452 |  48.6 |      41 |      33 |  44.6
      Elf:3 |   19375 |   26923 |  58.2 |      36 |      27 |  42.9
   Vaults:1 |   31694 |   25625 |  44.7 |      53 |      31 |  36.9
   Vaults:2 |   39116 |   42326 |  52.0 |      57 |      50 |  46.7
   Vaults:3 |   34094 |   19499 |  36.4 |      44 |      26 |  37.1
   Vaults:4 |   22684 |   30532 |  57.4 |      37 |      39 |  51.3
   Vaults:5 |   14223 |   99906 |  87.5 |      16 |      85 |  84.2
    Crypt:1 |   28769 |    2055 |   6.7 |      41 |       4 |   8.9
    Crypt:2 |   43322 |   22708 |  34.4 |      60 |      24 |  28.6
    Crypt:3 |   24006 |   29232 |  54.9 |      33 |      27 |  45.0
     Tomb:1 |   17850 |  104182 |  85.4 |      47 |      69 |  59.5
     Tomb:2 |   15698 |   35435 |  69.3 |      38 |      52 |  57.8
     Tomb:3 |    7430 |   79057 |  91.4 |      19 |      89 |  82.4
   Depths:1 |   28296 |   27205 |  49.0 |      42 |      31 |  42.5
   Depths:2 |   22253 |   10460 |  32.0 |      26 |      12 |  31.6
   Depths:3 |   40313 |   10156 |  20.1 |      47 |      20 |  29.9
   Depths:4 |   35660 |   57297 |  61.6 |      40 |      69 |  63.3
       Hell |   10654 |   23299 |  68.6 |      18 |      33 |  64.7
      Dis:2 |   18999 |   14541 |  43.4 |      17 |       9 |  34.6
      Dis:3 |       0 |    1680 | 100.0 |       0 |       2 | 100.0
      Zot:1 |   45163 |       0 |   0.0 |      36 |       0 |   0.0
      Zot:2 |   42118 |   12126 |  22.4 |      38 |       9 |  19.1
      Zot:3 |   22397 |   41432 |  64.9 |      19 |      25 |  56.8
      Zot:4 |   56844 |   43417 |  43.3 |      47 |      24 |  33.8
      Zot:5 |   27820 |  109936 |  79.8 |      22 |      45 |  67.2
    Abyss:1 |  285175 |       0 |   0.0 |     577 |       0 |   0.0
    Abyss:2 |   69816 |    2177 |   3.0 |     139 |       3 |   2.1
    Abyss:3 |  156799 |   23756 |  13.2 |     262 |      31 |  10.6
    Abyss:4 |    2289 |       0 |   0.0 |       2 |       0 |   0.0
        Pan |  360788 |  209407 |  36.7 |     500 |     212 |  29.8
      Zig:1 |    1473 |       0 |   0.0 |       1 |       0 |   0.0
      Zig:2 |     798 |       0 |   0.0 |       3 |       0 |   0.0
      Zig:3 |    4327 |       0 |   0.0 |       6 |       0 |   0.0
      Zig:4 |    4190 |    2468 |  37.1 |       7 |       4 |  36.4
      Zig:5 |    4240 |       0 |   0.0 |       7 |       0 |   0.0
      Zig:6 |    4981 |       0 |   0.0 |      13 |       0 |   0.0
      Zig:7 |    6827 |       0 |   0.0 |       9 |       0 |   0.0
      Zig:8 |    6530 |       0 |   0.0 |      21 |       0 |   0.0
      Zig:9 |   15937 |       0 |   0.0 |      12 |       0 |   0.0
     Zig:10 |   13646 |       0 |   0.0 |      17 |       0 |   0.0
     Zig:11 |   21188 |       0 |   0.0 |      15 |       0 |   0.0
     Zig:12 |   22109 |       0 |   0.0 |      17 |       0 |   0.0
     Zig:13 |   17299 |       0 |   0.0 |      27 |       0 |   0.0
     Zig:14 |   12915 |       0 |   0.0 |      10 |       0 |   0.0
      IceCv |       0 |   11366 | 100.0 |       0 |      27 | 100.0
     WizLab |       0 |   23913 | 100.0 |       0 |      29 | 100.0
            +---------+---------+-------+---------+---------+-------
